Workbook

Sheet Resumo
B1: AO
B2: SERVIÇO DE APOIO AS MICRO E PEQUENAS EMPRESAS DO ESTADO DO CEARÁ - SEBRAE/CE
B4: PLANILHA RESUMO DE FORMAÇÃO DE CUSTO
B5: CATEGORIA | C5: UNIDADE/REGIONAL DE LOTAÇÃO | D5: QTD DE POSTOS | E5: LOCAL DA PRESTAÇÃO DO SERVIÇO | F5: VALOR POSTO | G5: VALOR MENSAL | H5: VALOR PARA 24 MESES
B6: SUPERVISOR DE LIMPEZA E APOIO À GESTÃO | C6: SEDE ADMINISTRATIVA | D6: ='Supervisor Limpeza'!H111 -> 1 | E6: FORTALEZA | F6: ='Supervisor Limpeza'!I108 -> 10887.956 | G6: =F6*D6 -> 10887.956 | H6: =G6*24 -> 261310.95
B7: AUX DE SERV. GERAIS | C7: SEDE ADMINISTRATIVA | D7: ='Aux. Serv. G - Sede Fortaleza'!H111 -> 14 | E7: FORTALEZA | F7: ='Aux. Serv. G - Sede Fortaleza'!I108 -> 7000.1726 | G7: =F7*D7 -> 98002.417 | H7: =G7*24 -> 2352058
B8: AUX DE SERV. GERAIS | C8: METROPOLITANO/FORTALEZA | D8: ='Aux. Serv. G - Regional Fortal'!H111 -> 2 | E8: FORTALEZA | F8: ='Aux. Serv. G - Regional Fortal'!I108 -> 7000.1726 | G8: =F8*D8 -> 14000.345 | H8: =G8*24 -> 336008.29
B9: AUX DE SERV. GERAIS | C9: JAGUARIBE | D9: ='Aux. Serv. G Limoeiro'!H111 -> 1 | E9: LIMOEIRO DO NORTE | F9: ='Aux. Serv. G Limoeiro'!I108 -> 7000.1726 | G9: =F9*D9 -> 7000.1726 | H9: =G9*24 -> 168004.14
B10: AUX DE SERV. GERAIS | C10: OESTE | D10: ='Aux. Serv. G Itapipoca'!H111 -> 1 | E10: ITAPIPOCA | F10: ='Aux. Serv. G Itapipoca'!I108 -> 7000.1726 | G10: =F10*D10 -> 7000.1726 | H10: =G10*24 -> 168004.14
B11: AUX DE SERV. GERAIS | C11: CENTRO SUL | D11: ='Aux. Serv. G Iguatu'!H111 -> 1 | E11: IGUATU | F11: ='Aux. Serv. G Iguatu'!I108 -> 7000.1726 | G11: =F11*D11 -> 7000.1726 | H11: =G11*24 -> 168004.14
B12: AUX DE SERV. GERAIS | C12: INHAMUNS | D12: ='Aux. Serv. G Tauá'!H111 -> 1 | E12: TAUÁ | F12: ='Aux. Serv. G Tauá'!I108 -> 7000.1726 | G12: =F12*D12 -> 7000.1726 | H12: =G12*24 -> 168004.14
B13: AUX DE SERV. GERAIS | C13: CARIRI | D13: ='Aux. Serv. G Juazeiro'!H111 -> 2 | E13: JUAZEIRO DO NORTE | F13: ='Aux. Serv. G Juazeiro'!I108 -> 6763.5471 | G13: =F13*D13 -> 13527.094 | H13: =G13*24 -> 324650.26
B14: AUX DE SERV. GERAIS | C14: LITORAL LESTE | D14: ='Aux. Serv. G Aracati'!H111 -> 1 | E14: ARACATI | F14: ='Aux. Serv. G Aracati'!I108 -> 7000.1726 | G14: =F14*D14 -> 7000.1726 | H14: =G14*24 -> 168004.14
B15: AUX DE SERV. GERAIS | C15: MACIÇO DO BATURITÉ | D15: ='Aux. Serv. G Baturité'!H111 -> 1 | E15: BATURITÉ | F15: ='Aux. Serv. G Baturité'!I108 -> 7000.1726 | G15: =F15*D15 -> 7000.1726 | H15: =G15*24 -> 168004.14
B16: AUX DE SERV. GERAIS | C16: NORTE | D16: ='Aux. Serv. G Sobral'!H111 -> 1 | E16: SOBRAL | F16: ='Aux. Serv. G Sobral'!I108 -> 6763.5471 | G16: =F16*D16 -> 6763.5471 | H16: =G16*24 -> 162325.13
B17: AUX DE SERV. GERAIS | C17: SERTÃO CENTRAL | D17: ='Aux. Serv. G Quixeramobim'!H111 -> 1 | E17: QUIXERAMOBIM | F17: ='Aux. Serv. G Quixeramobim'!I108 -> 7000.1726 | G17: =F17*D17 -> 7000.1726 | H17: =G17*24 -> 168004.14
B18: AUX DE SERV. GERAIS | C18: IBIAPABA | D18: ='Aux. Serv. G Tianguá'!H111 -> 1 | E18: TIANGUÁ | F18: ='Aux. Serv. G Tianguá'!I108 -> 6840.6245 | G18: =F18*D18 -> 6840.6245 | H18: =G18*24 -> 164174.99
B19: AUX DE SERV. GERAIS | C19: SERTÃO DE CRATEÚS | D19: ='Aux. Serv. G Crateús'!H111 -> 1 | E19: CRATEÚS | F19: ='Aux. Serv. G Crateús'!I108 -> 6840.6245 | G19: =F19*D19 -> 6840.6245 | H19: =G19*24 -> 164174.99
B20: TOTAL | G20: =SUM(G6:G19) -> 205863.82 | H20: =SUM(H6:H19) -> 4940731.6

Sheet Supervisor Limpeza
A1: AO
A2: SERVIÇO DE APOIO AS MICRO E PEQUENAS EMPRESAS DO ESTADO DO CEARÁ - SEBRAE/CE
A4: PLANILHA DE CUSTOS E FORMAÇÃO DE PREÇOS POR EMPREGADO
A5: Discriminação dos Serviços (dados referentes à contratação)
A6: A | B6: Data de apresentação da proposta (dia/mês/ano) | G6: 46090
A7: B | B7: Município/UF | G7: Fortaleza
A8: C | B8: Ano Acordo, Convenção ou Sentença Normativa em Dissídio Coletivo | G8: SEACEC
A9: D | B9: Nº de meses de execução contratual | G9: 24
A10: Identificação do Serviço
A11: Tipo de Serviço | D11: Unidade de Medida | G11: Quantidade total a contratar (em função da unidade de medida)
A12: Contratação de empresa especializada de mão de obra, para o cargo de Supervisor de Limpeza. | D12: POSTO | G12: 1
A13: Anexo III-A – Mão-de-obra
A14: Mão-de-obra vinculada à execução contratual
A15: Dados complementares para composição dos custos referente à mão-de-obra
A16: 1 | B16: Tipo de serviço (mesmo serviço com características distintas) | I16: SUP. LIMPEZA
A17: 2 | B17: Salário Normativo da Categoria Profissional (14 FAIXA CCT 2026) | I17: 3145.25
A18: 3 | B18: Categoria profissional (vinculada à execução contratual)
A19: 4 | B19: Data base da categoria (dia/mês/ano) | I19: 46023
A20: MÓDULO 1 : COMPOSIÇÃO DA REMUNERAÇÃO
A21: 1 | B21: Composição da Remuneração | I21: Valor (R$)
A22: A | B22: Salário Base | I22: =I17 -> 3145.25
A23: B | B23: Adicional de periculosidade
A24: C | B24: Adicional de insalubridade
A25: D | B25: Adicional noturno
A26: E | B26: Hora noturna adicional
A27: F | B27: Adicional de Hora Extra
A28: G | B28: Intervalo Intrajornada
A29: Total da Remuneração | I29: =SUM(I22:J28) -> 3145.25
A30: MÓDULO 2: BENEFÍCIOS MENSAIS E DIÁRIOS
A31: 2 | B31: Benefícios Mensais e Diários | I31: Valor (R$)
A32: A | B32: Transporte (5,40*2*52 dias trabalhados) - 6% de desconto sobre o salário base (Cláusula Décima Sexta) | I32: =ROUND((5.4*52)-(I29*6%),2) -> 92.09 | K32: =I29*6% -> 188.715
A33: B | B33: Auxílio-Refeição/Alimentação (R$ 28,80*22 dias) - 1% de desconto (Cláusula Décima Quinta CCT) | I33: =ROUND((28.8*22)-(28.8*22)*1%,2) -> 627.26 | K33: R$ 633,60*1% = 6,33
A34: C | B34: Plano de Saúde (Cláusula Décima Setima da CCT) | I34: 73.78
A35: D | B35: =[1]Encarregado!$B$38 -> Seguro de vida, invalidez e funeral (Cláusula Décima Oitava da CCT) | I35: =(I29*3)/12 -> 786.3125 | K35: R$ 3.145,25*3 = 9.435,75/12 = 786,31 (valor mensal)
A36: E | B36: Cesta Básica (Cláusula Décima Quarta da CCT) | I36: 110.52
A37: F | B37: Auxilio Creche (Cláusula Décima Nona da CCT) | I37: =(269.81*6)/12 -> 134.905 | K37: R$ 269,81*6 = 1.618,86/12 = 134,91 (valor mensal)
A38: Total de Benefícios mensais e diários | I38: =SUM(I32:J37) -> 1824.8675
A39: MÓDULO 3: INSUMOS DIVERSOS
A40: 3 | B40: Insumos Diversos | I40: Valor (R$)
A41: A | B41: Uniformes | I41: =Insumos!L5 -> 116.11333
A42: B | B42: EPI | I42: =Insumos!L6 -> 50
A43: C | B43: Equipamento registro de ponto | I43: =Insumos!L7 -> 701.62483
A44: Total de Insumos diversos | I44: =SUM(I41:J43) -> 867.73816
A45: MÓDULO 4: ENCARGOS SOCIAIS E TRABALHISTAS
A46: 4.1 | B46: Encargos previdenciários e FGTS | G46: % | I46: Valor (R$)
A47: A | B47: INSS | G47: 0.2 | I47: =(G47*I29) -> 629.05
A48: B | B48: SESI ou SESC | G48: 0.015 | I48: =(G48*I29) -> 47.17875
A49: C | B49: SENAI ou SENAC | G49: 0.01 | I49: =(G49*I29) -> 31.4525
A50: D | B50: INCRA | G50: 0.002 | I50: =(G50*I29) -> 6.2905
A51: E | B51: Salário Educação | G51: 0.025 | I51: =(G51*I29) -> 78.63125
A52: F | B52: FGTS | G52: 0.08 | I52: =(G52*I29) -> 251.62
A53: G | B53: Riscos Ambientais do Trabalho – RAT x FAP | G53: 0.03 | I53: =(G53*I29) -> 94.3575
A54: H | B54: SEBRAE | G54: 0.006 | I54: =(G54*I29) -> 18.8715
A55: TOTAL | G55: =SUM(G47:H54) -> 0.368 | I55: =SUM(I47:J54) -> 1157.452
A56: Submódulo 4.2 – 13º Salário e Adicional de Férias
A57: 4.2 | B57: 13º Salário e Adicional de Férias | I57: Valor (R$)
A58: A | B58: 13 º Salário | G58: 0.0833 | I58: =(G58*I29) -> 261.99932
A59: B | B59: Adicional de Férias | G59: 0.0278 | I59: =(G59*I29) -> 87.43795
A60: TOTAL | G60: =SUM(G58:H59) -> 0.1111 | I60: =SUM(I58:J59) -> 349.43727
A61: Submódulo 4.3 - Provisão para Rescisão
A62: 4.3 | B62: Provisão para Rescisão | I62: Valor (R$)
A63: A | B63: Aviso prévio indenizado | G63: 0.0042 | I63: =(G63*I29) -> 13.21005
A64: B | B64: Incidência do FGTS sobre aviso prévio indenizado | G64: 0.0003 | I64: =(G64*I29) -> 0.943575
A65: C | B65: Multa do FGTS do aviso prévio indenizado | G65: 0.0344 | I65: =(G65*I29) -> 108.1966
A66: D | B66: Aviso prévio trabalhado | G66: ='[2]REVISOR DE TEXTO'!G77 -> 0.0194 | I66: =(G66*I29) -> 61.01785
A67: E | B67: Incidência do submódulo 4.1 sobre aviso prévio trabalhado | G67: ='[2]REVISOR DE TEXTO'!G78 -> 0.00717412 | I67: =(G67*I29) -> 22.564401
A68: F | B68: Multa do FGTS do aviso prévio trabalhado | G68: 0.0006 | I68: =(G68*I29) -> 1.88715
A69: TOTAL | G69: =SUM(G63:H68) -> 0.06607412 | I69: =SUM(I63:J68) -> 207.81963
A70: Submódulo 4.4 – Custo de Reposição do Profissional Ausente
A71: 4.4 | B71: Composição do Custo de Reposição do Profissional Ausente | I71: Valor (R$)
A72: A | B72: Férias | G72: 0.0833 | I72: =(G72*I29) -> 261.99932
A73: B | B73: Ausência por doença | G73: 0.0139 | I73: =(G73*I29) -> 43.718975
A74: C | B74: Licença maternidade | G74: 0.0029 | I74: =(G74*I29) -> 9.121225
A75: D | B75: Licença paternidade | G75: ='[2]REVISOR DE TEXTO'!G85 -> 0.0002 | I75: =(G75*I29) -> 0.62905
A76: E | B76: Ausências legais | G76: 0.0028 | I76: =(G76*I29) -> 8.8067
A77: F | B77: Ausência por Acidente de trabalho | G77: 0.0007 | I77: =(G77*I29) -> 2.201675
A78: Subtotal antes da incidência de proprocional de férias, 1/3 e 13º s/custo de reposição | G78: =SUM(G72:G77) -> 0.1038 | I78: =SUM(I72:J77) -> 326.47695
A79: G | B79: Proporcional de Férias, 1/3 e 13º sobre custo de reposição (exceto licença maternidade) | G79: 0.0196 | I79: =(G79*I29) -> 61.6469
A80: Subtotal antes da incidência do modulo 4.1 | G80: =G78+G79 -> 0.1234 | I80: =SUM(I78:J79) -> 388.12385
A81: H | B81: Incidência do submódulo 4.1 sobre o Custo de reposição | G81: 0.0454 | I81: =(G81*I29) -> 142.79435
A82: TOTAL | G82: =G80+G81 -> 0.1688 | I82: =I80+I81 -> 530.9182
A83: QUADRO - RESUMO - MÓDULO 4 - ENCARGOS SOCIAIS E TRABALHISTAS
A84: 4 | B84: Módulo 4 - Encargos sociais e trabalhistas | I84: Valor (R$)
A85: 4.1 | B85: Encargos previdenciários e FGTS | G85: =G55 -> 0.368 | I85: =I55 -> 1157.452
A86: 4.2 | B86: 13 º salário + Adicional de férias | G86: =G60 -> 0.1111 | I86: =(I60) -> 349.43727
A87: 4.3 | B87: Custo de rescisão | G87: =G69 -> 0.06607412 | I87: =I69 -> 207.81963
A88: 4.4 | B88: Custo de reposição do profissional ausente | G88: =G82 -> 0.1688 | I88: =I82 -> 530.9182
A89: TOTAL | G89: =SUM(G85:H88) -> 0.71397412 | I89: =SUM(I85:J88) -> 2245.6271
A90: MÓDULO 5 - CUSTOS INDIRETOS, TRIBUTOS E LUCRO
A91: 5 | B91: Custos Indiretos, Tributos e Lucro | G91: % | I91: Valor (R$)
A92: A | B92: Custos Indiretos | G92: 0.05 | I92: =(I106*G92) -> 404.17414
A93: B | B93: Tributos
B94: B.1 Tributos Federais (PIS) | G94: 0.0165 | I94: =K95*G94 -> 179.65128 | K94: =(100%-SUM(G94:H96))/100 -> 0.008575
B95: B.2 Tributos Federais (COFINS) | G95: 0.076 | I95: =K95*G95 -> 827.48468 | K95: =(I106+I92+I98)/(100%-SUM(G94:H96))/100*100 -> 10887.956
B96: B.3 Tributos Municipais (ISS) | G96: 0.05 | I96: =K95*G96 -> 544.39782
B97: B.4 Outros tributos (especificar)
A98: C | B98: Lucro | G98: 0.1 | I98: =SUM(I106+I92)*G98 -> 848.76569
A99: TOTAL | G99: =SUM(G92:H98) -> 0.2925 | I99: =SUM(I98+I97+I96+I95+I94+I92) -> 2804.4736
A100: Anexo III – B - Quadro-resumo do Custo por Empregado
B101: Mão-de-obra vinculada à execução contratual (valor por empregado) | I101: Valor (R$)
...

Sheet Aux. Serv. G - Sede Fortaleza
A1: AO
A2: SERVIÇO DE APOIO AS MICRO E PEQUENAS EMPRESAS DO ESTADO DO CEARÁ - SEBRAE/CE
A4: PLANILHA DE CUSTOS E FORMAÇÃO DE PREÇOS POR EMPREGADO
A5: Discriminação dos Serviços (dados referentes à contratação)
A6: A | B6: Data de apresentação da proposta (dia/mês/ano) | G6: ='Supervisor Limpeza'!G6 -> 46090
A7: B | B7: Município/UF | G7: Fortaleza
A8: C | B8: Ano Acordo, Convenção ou Sentença Normativa em Dissídio Coletivo | G8: SEACEC
A9: D | B9: Nº de meses de execução contratual | G9: 24
A10: Identificação do Serviço
A11: Tipo de Serviço | D11: Unidade de Medida | G11: Quantidade total a contratar (em função da unidade de medida)
A12: Contratação de empresa especializada de mão de obra, para o cargo de Auxiliar de Serviços Gerais (Limpeza) | D12: POSTO SEDE FORTALEZA | G12: 14
A13: Anexo III-A – Mão-de-obra
A14: Mão-de-obra vinculada à execução contratual
A15: Dados complementares para composição dos custos referente à mão-de-obra
A16: 1 | B16: Tipo de serviço (mesmo serviço com características distintas) | I16: AUX. DE SERVIÇOS GERAIS (LIMPEZA)
A17: 2 | B17: Salário Normativo da Categoria Profissional | I17: 1640.75
A18: 3 | B18: Categoria profissional (vinculada à execução contratual) | I18: =I16 -> AUX. DE SERVIÇOS GERAIS (LIMPEZA)
A19: 4 | B19: Data base da categoria (dia/mês/ano) | I19: ='Supervisor Limpeza'!I19 -> 46023
A20: MÓDULO 1 : COMPOSIÇÃO DA REMUNERAÇÃO
A21: 1 | B21: Composição da Remuneração | I21: Valor (R$)
A22: A | B22: Salário Base | I22: =I17 -> 1640.75
A23: B | B23: Adicional de periculosidade
A24: C | B24: Adicional de insalubridade
A25: D | B25: Adicional noturno
A26: E | B26: Hora noturna adicional
A27: F | B27: Adicional de Hora Extra
A28: G | B28: Intervalo Intrajornada
A29: Total da Remuneração | I29: =SUM(I22:J28) -> 1640.75
A30: MÓDULO 2: BENEFÍCIOS MENSAIS E DIÁRIOS
A31: 2 | B31: Benefícios Mensais e Diários | I31: Valor (R$)
A32: A | B32: Transporte (5,40*2*52 dias trabalhados) - 6% de desconto sobre o salário base (Cláusula Décima Sexta) | I32: =ROUND((5.4*52)-(I29*6%),2) -> 182.36 | K32: =I29*6% -> 98.445
A33: B | B33: Auxílio-Refeição/Alimentação (R$ 28,80*22 dias) - 1% de desconto (Cláusula Décima Quinta CCT) | I33: =ROUND((28.8*22)-(28.8*22)*1%,2) -> 627.26 | K33: ='Supervisor Limpeza'!K33 -> R$ 633,60*1% = 6,33
A34: C | B34: Plano de Saúde (Cláusula Décima Setima da CCT) | I34: ='Supervisor Limpeza'!I34 -> 73.78
A35: D | B35: =[1]Encarregado!$B$38 -> Seguro de vida, invalidez e funeral (Cláusula Décima Oitava da CCT) | I35: =(I29*3)/12 -> 410.1875 | K35: R$ 1.640,75*3 = 4.922,25/12 = 410,19 (valor mensal)
A36: E | B36: Cesta Básica (Cláusula Décima Quarta da CCT) | I36: ='Supervisor Limpeza'!I36 -> 110.52
A37: F | B37: Auxilio Creche (Cláusula Décima Nona da CCT) | I37: ='Supervisor Limpeza'!I37 -> 134.905 | K37: R$ 269,81*6 = 1.618,86/12 = 134,91 (valor mensal)
A38: Total de Benefícios mensais e diários | I38: =SUM(I32:J37) -> 1539.0125
A39: MÓDULO 3: INSUMOS DIVERSOS
A40: 3 | B40: Insumos Diversos | I40: Valor (R$)
A41: A | B41: Uniformes | I41: =Insumos!K5 -> 76.2225
A42: B | B42: EPI | I42: =Insumos!K6 -> 68.035
A43: C | B43: Equipamento de registro de ponto | I43: =Insumos!K7 -> 701.62483
A44: Total de Insumos diversos | I44: =SUM(I41:J43) -> 845.88233
A45: MÓDULO 4: ENCARGOS SOCIAIS E TRABALHISTAS
A46: 4.1 | B46: Encargos previdenciários e FGTS | G46: % | I46: Valor (R$)
A47: A | B47: INSS | G47: 0.2 | I47: =(G47*I29) -> 328.15
A48: B | B48: SESI ou SESC | G48: 0.015 | I48: =(G48*I29) -> 24.61125
A49: C | B49: SENAI ou SENAC | G49: 0.01 | I49: =(G49*I29) -> 16.4075
A50: D | B50: INCRA | G50: 0.002 | I50: =(G50*I29) -> 3.2815
A51: E | B51: Salário Educação | G51: 0.025 | I51: =(G51*I29) -> 41.01875
A52: F | B52: FGTS | G52: 0.08 | I52: =(G52*I29) -> 131.26
A53: G | B53: Riscos Ambientais do Trabalho – RAT x FAP | G53: 0.03 | I53: =(G53*I29) -> 49.2225
A54: H | B54: SEBRAE | G54: 0.006 | I54: =(G54*I29) -> 9.8445
A55: TOTAL | G55: =SUM(G47:H54) -> 0.368 | I55: =SUM(I47:J54) -> 603.796
A56: Submódulo 4.2 – 13º Salário e Adicional de Férias
A57: 4.2 | B57: 13º Salário e Adicional de Férias | I57: Valor (R$)
A58: A | B58: 13 º Salário | G58: 0.0833 | I58: =(G58*I29) -> 136.67448
A59: B | B59: Adicional de Férias | G59: 0.0278 | I59: =(G59*I29) -> 45.61285
A60: TOTAL | G60: =SUM(G58:H59) -> 0.1111 | I60: =SUM(I58:J59) -> 182.28733
A61: Submódulo 4.3 - Provisão para Rescisão
A62: 4.3 | B62: Provisão para Rescisão | I62: Valor (R$)
A63: A | B63: Aviso prévio indenizado | G63: 0.0042 | I63: =(G63*I29) -> 6.89115
A64: B | B64: Incidência do FGTS sobre aviso prévio indenizado | G64: 0.0003 | I64: =(G64*I29) -> 0.492225
A65: C | B65: Multa do FGTS do aviso prévio indenizado | G65: 0.0344 | I65: =(G65*I29) -> 56.4418
A66: D | B66: Aviso prévio trabalhado | G66: ='[2]REVISOR DE TEXTO'!G77 -> 0.0194 | I66: =(G66*I29) -> 31.83055
A67: E | B67: Incidência do submódulo 4.1 sobre aviso prévio trabalhado | G67: ='[2]REVISOR DE TEXTO'!G78 -> 0.00717412 | I67: =(G67*I29) -> 11.770937
A68: F | B68: Multa do FGTS do aviso prévio trabalhado | G68: 0.0006 | I68: =(G68*I29) -> 0.98445
A69: TOTAL | G69: =SUM(G63:H68) -> 0.06607412 | I69: =SUM(I63:J68) -> 108.41111
A70: Submódulo 4.4 – Custo de Reposição do Profissional Ausente
A71: 4.4 | B71: Composição do Custo de Reposição do Profissional Ausente | I71: Valor (R$)
A72: A | B72: Férias | G72: 0.0833 | I72: =(G72*I29) -> 136.67448
A73: B | B73: Ausência por doença | G73: 0.0139 | I73: =(G73*I29) -> 22.806425
A74: C | B74: Licença maternidade | G74: 0.0029 | I74: =(G74*I29) -> 4.758175
A75: D | B75: Licença paternidade | G75: ='[2]REVISOR DE TEXTO'!G85 -> 0.0002 | I75: =(G75*I29) -> 0.32815
A76: E | B76: Ausências legais | G76: 0.0028 | I76: =(G76*I29) -> 4.5941
A77: F | B77: Ausência por Acidente de trabalho | G77: 0.0007 | I77: =(G77*I29) -> 1.148525
A78: Subtotal antes da incidência de proprocional de férias, 1/3 e 13º s/custo de reposição | G78: =SUM(G72:G77) -> 0.1038 | I78: =SUM(I72:J77) -> 170.30985
A79: G | B79: Proporcional de Férias, 1/3 e 13º sobre custo de reposição (exceto licença maternidade) | G79: 0.0196 | I79: =(G79*I29) -> 32.1587
A80: Subtotal antes da incidência do modulo 4.1 | G80: =G78+G79 -> 0.1234 | I80: =SUM(I78:J79) -> 202.46855
A81: H | B81: Incidência do submódulo 4.1 sobre o Custo de reposição | G81: 0.0454 | I81: =(G81*I29) -> 74.49005
A82: TOTAL | G82: =G80+G81 -> 0.1688 | I82: =I80+I81 -> 276.9586
A83: QUADRO - RESUMO - MÓDULO 4 - ENCARGOS SOCIAIS E TRABALHISTAS
A84: 4 | B84: Módulo 4 - Encargos sociais e trabalhistas | I84: Valor (R$)
A85: 4.1 | B85: Encargos previdenciários e FGTS | G85: =G55 -> 0.368 | I85: =I55 -> 603.796
A86: 4.2 | B86: 13 º salário + Adicional de férias | G86: =G60 -> 0.1111 | I86: =(I60) -> 182.28733
A87: 4.3 | B87: Custo de rescisão | G87: =G69 -> 0.06607412 | I87: =I69 -> 108.41111
A88: 4.4 | B88: Custo de reposição do profissional ausente | G88: =G82 -> 0.1688 | I88: =I82 -> 276.9586
A89: TOTAL | G89: =SUM(G85:H88) -> 0.71397412 | I89: =SUM(I85:J88) -> 1171.453
A90: MÓDULO 5 - CUSTOS INDIRETOS, TRIBUTOS E LUCRO
A91: 5 | B91: Custos Indiretos, Tributos e Lucro | G91: % | I91: Valor (R$)
A92: A | B92: Custos Indiretos | G92: 0.05 | I92: =(I106*G92) -> 259.85489
A93: B | B93: Tributos
B94: B.1 Tributos Federais (PIS) | G94: 0.0165 | I94: =K95*G94 -> 115.50285 | K94: =(100%-SUM(G94:H96))/100 -> 0.008575
B95: B.2 Tributos Federais (COFINS) | G95: 0.076 | I95: =K95*G95 -> 532.01312 | K95: =(I106+I92+I98)/(100%-SUM(G94:H96))/100*100 -> 7000.1726
B96: B.3 Tributos Municipais (ISS) | G96: 0.05 | I96: =K95*G96 -> 350.00863
B97: B.4 Outros tributos (especificar)
A98: C | B98: Lucro | G98: 0.1 | I98: =SUM(I106+I92)*G98 -> 545.69528
A99: TOTAL | G99: =SUM(G92:H98) -> 0.2925 | I99: =SUM(I98+I97+I96+I95+I94+I92) -> 1803.0748
A100: Anexo III – B - Quadro-resumo do Custo por Empregado
B101: Mão-de-obra vinculada à execução contratual (valor por empregado) | I101: Valor (R$)
...

Sheet Aux. Serv. G - Regional Fortal
A1: AO
A2: SERVIÇO DE APOIO AS MICRO E PEQUENAS EMPRESAS DO ESTADO DO CEARÁ - SEBRAE/CE
A4: PLANILHA DE CUSTOS E FORMAÇÃO DE PREÇOS POR EMPREGADO
A5: Discriminação dos Serviços (dados referentes à contratação)
A6: A | B6: Data de apresentação da proposta (dia/mês/ano) | G6: ='Supervisor Limpeza'!G6 -> 46090
A7: B | B7: Município/UF | G7: Fortaleza
A8: C | B8: Ano Acordo, Convenção ou Sentença Normativa em Dissídio Coletivo | G8: SEACEC
A9: D | B9: Nº de meses de execução contratual | G9: 24
A10: Identificação do Serviço
A11: Tipo de Serviço | D11: Unidade de Medida | G11: Quantidade total a contratar (em função da unidade de medida)
A12: Contratação de empresa especializada de mão de obra, para o cargo de Auxiliar de Serviços Gerais (Limpeza) | D12: POSTO REGIONAL FORTALEZA | G12: 2
A13: Anexo III-A – Mão-de-obra
A14: Mão-de-obra vinculada à execução contratual
A15: Dados complementares para composição dos custos referente à mão-de-obra
A16: 1 | B16: Tipo de serviço (mesmo serviço com características distintas) | I16: AUX. DE SERVIÇOS GERAIS (LIMPEZA)
A17: 2 | B17: Salário Normativo da Categoria Profissional | I17: ='Aux. Serv. G - Sede Fortaleza'!I17 -> 1640.75
A18: 3 | B18: Categoria profissional (vinculada à execução contratual) | I18: =I16 -> AUX. DE SERVIÇOS GERAIS (LIMPEZA)
A19: 4 | B19: Data base da categoria (dia/mês/ano) | I19: ='Aux. Serv. G - Sede Fortaleza'!I19 -> 46023
A20: MÓDULO 1 : COMPOSIÇÃO DA REMUNERAÇÃO
A21: 1 | B21: Composição da Remuneração | I21: Valor (R$)
A22: A | B22: Salário Base | I22: =I17 -> 1640.75
A23: B | B23: Adicional de periculosidade
A24: C | B24: Adicional de insalubridade
A25: D | B25: Adicional noturno
A26: E | B26: Hora noturna adicional
A27: F | B27: Adicional de Hora Extra
A28: G | B28: Intervalo Intrajornada
A29: Total da Remuneração | I29: =SUM(I22:J28) -> 1640.75
A30: MÓDULO 2: BENEFÍCIOS MENSAIS E DIÁRIOS
A31: 2 | B31: Benefícios Mensais e Diários | I31: Valor (R$)
A32: A | B32: Transporte (5,40*2*52 dias trabalhados) - 6% de desconto sobre o salário base (Cláusula Décima Sexta) | I32: =ROUND((5.4*52)-(I29*6%),2) -> 182.36 | K32: =I29*6% -> 98.445
A33: B | B33: Auxílio-Refeição/Alimentação (R$ 28,80*22 dias) - 1% de desconto (Cláusula Décima Quinta CCT) | I33: =ROUND((28.8*22)-(28.8*22)*1%,2) -> 627.26 | K33: ='Supervisor Limpeza'!K33 -> R$ 633,60*1% = 6,33
A34: C | B34: Plano de Saúde (Cláusula Décima Setima da CCT) | I34: ='Supervisor Limpeza'!I34 -> 73.78
A35: D | B35: =[1]Encarregado!$B$38 -> Seguro de vida, invalidez e funeral (Cláusula Décima Oitava da CCT) | I35: =(I29*3)/12 -> 410.1875 | K35: R$ 1.640,75*3 = 4.922,25/12 = 410,19 (valor mensal)
A36: E | B36: Cesta Básica (Cláusula Décima Quarta da CCT) | I36: ='Supervisor Limpeza'!I36 -> 110.52
A37: F | B37: Auxilio Creche (Cláusula Décima Nona da CCT) | I37: ='Supervisor Limpeza'!I37 -> 134.905 | K37: R$ 269,81*6 = 1.618,86/12 = 134,91 (valor mensal)
A38: Total de Benefícios mensais e diários | I38: =SUM(I32:J37) -> 1539.0125
A39: MÓDULO 3: INSUMOS DIVERSOS
A40: 3 | B40: Insumos Diversos | I40: Valor (R$)
A41: A | B41: Uniformes | I41: =Insumos!K5 -> 76.2225
A42: B | B42: EPI | I42: =Insumos!K6 -> 68.035
A43: C | B43: Equipamento de registro de ponto | I43: =Insumos!K7 -> 701.62483
A44: Total de Insumos diversos | I44: =SUM(I41:J43) -> 845.88233
A45: MÓDULO 4: ENCARGOS SOCIAIS E TRABALHISTAS
A46: 4.1 | B46: Encargos previdenciários e FGTS | G46: % | I46: Valor (R$)
A47: A | B47: INSS | G47: 0.2 | I47: =(G47*I29) -> 328.15
A48: B | B48: SESI ou SESC | G48: 0.015 | I48: =(G48*I29) -> 24.61125
A49: C | B49: SENAI ou SENAC | G49: 0.01 | I49: =(G49*I29) -> 16.4075
A50: D | B50: INCRA | G50: 0.002 | I50: =(G50*I29) -> 3.2815
A51: E | B51: Salário Educação | G51: 0.025 | I51: =(G51*I29) -> 41.01875
A52: F | B52: FGTS | G52: 0.08 | I52: =(G52*I29) -> 131.26
A53: G | B53: Riscos Ambientais do Trabalho – RAT x FAP | G53: 0.03 | I53: =(G53*I29) -> 49.2225
A54: H | B54: SEBRAE | G54: 0.006 | I54: =(G54*I29) -> 9.8445
A55: TOTAL | G55: =SUM(G47:H54) -> 0.368 | I55: =SUM(I47:J54) -> 603.796
A56: Submódulo 4.2 – 13º Salário e Adicional de Férias
A57: 4.2 | B57: 13º Salário e Adicional de Férias | I57: Valor (R$)
A58: A | B58: 13 º Salário | G58: 0.0833 | I58: =(G58*I29) -> 136.67448
A59: B | B59: Adicional de Férias | G59: 0.0278 | I59: =(G59*I29) -> 45.61285
A60: TOTAL | G60: =SUM(G58:H59) -> 0.1111 | I60: =SUM(I58:J59) -> 182.28733
A61: Submódulo 4.3 - Provisão para Rescisão
A62: 4.3 | B62: Provisão para Rescisão | I62: Valor (R$)
A63: A | B63: Aviso prévio indenizado | G63: 0.0042 | I63: =(G63*I29) -> 6.89115
A64: B | B64: Incidência do FGTS sobre aviso prévio indenizado | G64: 0.0003 | I64: =(G64*I29) -> 0.492225
A65: C | B65: Multa do FGTS do aviso prévio indenizado | G65: 0.0344 | I65: =(G65*I29) -> 56.4418
A66: D | B66: Aviso prévio trabalhado | G66: ='[2]REVISOR DE TEXTO'!G77 -> 0.0194 | I66: =(G66*I29) -> 31.83055
A67: E | B67: Incidência do submódulo 4.1 sobre aviso prévio trabalhado | G67: ='[2]REVISOR DE TEXTO'!G78 -> 0.00717412 | I67: =(G67*I29) -> 11.770937
A68: F | B68: Multa do FGTS do aviso prévio trabalhado | G68: 0.0006 | I68: =(G68*I29) -> 0.98445
A69: TOTAL | G69: =SUM(G63:H68) -> 0.06607412 | I69: =SUM(I63:J68) -> 108.41111
A70: Submódulo 4.4 – Custo de Reposição do Profissional Ausente
A71: 4.4 | B71: Composição do Custo de Reposição do Profissional Ausente | I71: Valor (R$)
A72: A | B72: Férias | G72: 0.0833 | I72: =(G72*I29) -> 136.67448
A73: B | B73: Ausência por doença | G73: 0.0139 | I73: =(G73*I29) -> 22.806425
A74: C | B74: Licença maternidade | G74: 0.0029 | I74: =(G74*I29) -> 4.758175
A75: D | B75: Licença paternidade | G75: ='[2]REVISOR DE TEXTO'!G85 -> 0.0002 | I75: =(G75*I29) -> 0.32815
A76: E | B76: Ausências legais | G76: 0.0028 | I76: =(G76*I29) -> 4.5941
A77: F | B77: Ausência por Acidente de trabalho | G77: 0.0007 | I77: =(G77*I29) -> 1.148525
A78: Subtotal antes da incidência de proprocional de férias, 1/3 e 13º s/custo de reposição | G78: =SUM(G72:G77) -> 0.1038 | I78: =SUM(I72:J77) -> 170.30985
A79: G | B79: Proporcional de Férias, 1/3 e 13º sobre custo de reposição (exceto licença maternidade) | G79: 0.0196 | I79: =(G79*I29) -> 32.1587
A80: Subtotal antes da incidência do modulo 4.1 | G80: =G78+G79 -> 0.1234 | I80: =SUM(I78:J79) -> 202.46855
A81: H | B81: Incidência do submódulo 4.1 sobre o Custo de reposição | G81: 0.0454 | I81: =(G81*I29) -> 74.49005
A82: TOTAL | G82: =G80+G81 -> 0.1688 | I82: =I80+I81 -> 276.9586
A83: QUADRO - RESUMO - MÓDULO 4 - ENCARGOS SOCIAIS E TRABALHISTAS
A84: 4 | B84: Módulo 4 - Encargos sociais e trabalhistas | I84: Valor (R$)
A85: 4.1 | B85: Encargos previdenciários e FGTS | G85: =G55 -> 0.368 | I85: =I55 -> 603.796
A86: 4.2 | B86: 13 º salário + Adicional de férias | G86: =G60 -> 0.1111 | I86: =(I60) -> 182.28733
A87: 4.3 | B87: Custo de rescisão | G87: =G69 -> 0.06607412 | I87: =I69 -> 108.41111
A88: 4.4 | B88: Custo de reposição do profissional ausente | G88: =G82 -> 0.1688 | I88: =I82 -> 276.9586
A89: TOTAL | G89: =SUM(G85:H88) -> 0.71397412 | I89: =SUM(I85:J88) -> 1171.453
A90: MÓDULO 5 - CUSTOS INDIRETOS, TRIBUTOS E LUCRO
A91: 5 | B91: Custos Indiretos, Tributos e Lucro | G91: % | I91: Valor (R$)
A92: A | B92: Custos Indiretos | G92: 0.05 | I92: =(I106*G92) -> 259.85489
A93: B | B93: Tributos
B94: B.1 Tributos Federais (PIS) | G94: 0.0165 | I94: =K95*G94 -> 115.50285 | K94: =(100%-SUM(G94:H96))/100 -> 0.008575
B95: B.2 Tributos Federais (COFINS) | G95: 0.076 | I95: =K95*G95 -> 532.01312 | K95: =(I106+I92+I98)/(100%-SUM(G94:H96))/100*100 -> 7000.1726
B96: B.3 Tributos Municipais (ISS) | G96: 0.05 | I96: =K95*G96 -> 350.00863
B97: B.4 Outros tributos (especificar)
A98: C | B98: Lucro | G98: 0.1 | I98: =SUM(I106+I92)*G98 -> 545.69528
A99: TOTAL | G99: =SUM(G92:H98) -> 0.2925 | I99: =SUM(I98+I97+I96+I95+I94+I92) -> 1803.0748
A100: Anexo III – B - Quadro-resumo do Custo por Empregado
B101: Mão-de-obra vinculada à execução contratual (valor por empregado) | I101: Valor (R$)
...

Sheet Aux. Serv. G  Limoeiro
A1: AO
A2: SERVIÇO DE APOIO AS MICRO E PEQUENAS EMPRESAS DO ESTADO DO CEARÁ - SEBRAE/CE
A4: PLANILHA DE CUSTOS E FORMAÇÃO DE PREÇOS POR EMPREGADO
A5: Discriminação dos Serviços (dados referentes à contratação)
A6: A | B6: Data de apresentação da proposta (dia/mês/ano) | G6: ='Aux. Serv. G Juazeiro'!G6 -> 46090
A7: B | B7: Município/UF | G7: Limoeiro
A8: C | B8: Ano Acordo, Convenção ou Sentença Normativa em Dissídio Coletivo | G8: SEACEC
A9: D | B9: Nº de meses de execução contratual | G9: 24
A10: Identificação do Serviço
A11: Tipo de Serviço | D11: Unidade de Medida | G11: Quantidade total a contratar (em função da unidade de medida)
A12: Contratação de empresa especializada de mão de obra, para o cargo de Auxiliar de Serviços Gerais (Limpeza) | D12: POSTO | G12: 1
A13: Anexo III-A – Mão-de-obra
A14: Mão-de-obra vinculada à execução contratual
A15: Dados complementares para composição dos custos referente à mão-de-obra
A16: 1 | B16: Tipo de serviço (mesmo serviço com características distintas) | I16: AUX. DE SERVIÇOS GERAIS (LIMPEZA)
A17: 2 | B17: Salário Normativo da Categoria Profissional | I17: ='Aux. Serv. G Juazeiro'!I17 -> 1640.75
A18: 3 | B18: Categoria profissional (vinculada à execução contratual) | I18: =I16 -> AUX. DE SERVIÇOS GERAIS (LIMPEZA)
A19: 4 | B19: Data base da categoria (dia/mês/ano) | I19: ='Aux. Serv. G Juazeiro'!I19 -> 46023
A20: MÓDULO 1 : COMPOSIÇÃO DA REMUNERAÇÃO
A21: 1 | B21: Composição da Remuneração | I21: Valor (R$)
A22: A | B22: Salário Base | I22: =I17 -> 1640.75
A23: B | B23: Adicional de periculosidade
A24: C | B24: Adicional de insalubridade
A25: D | B25: Adicional noturno
A26: E | B26: Hora noturna adicional
A27: F | B27: Adicional de Hora Extra
A28: G | B28: Intervalo Intrajornada
A29: Total da Remuneração | I29: =SUM(I22:J28) -> 1640.75
A30: MÓDULO 2: BENEFÍCIOS MENSAIS E DIÁRIOS
A31: 2 | B31: Benefícios Mensais e Diários | I31: Valor (R$)
A32: A | B32: Transporte (5,40*2*52 dias trabalhados) - 6% de desconto sobre o salário base (Cláusula Décima Sexta) | I32: =ROUND((5.4*52)-(I29*6%),2) -> 182.36 | K32: =I29*6% -> 98.445
A33: B | B33: Auxílio-Refeição/Alimentação (R$ 28,80*22 dias) - 1% de desconto (Cláusula Décima Quinta CCT) | I33: =ROUND((28.8*22)-(28.8*22)*1%,2) -> 627.26 | K33: ='Supervisor Limpeza'!K33 -> R$ 633,60*1% = 6,33
A34: C | B34: Plano de Saúde (Cláusula Décima Setima da CCT) | I34: ='Supervisor Limpeza'!I34 -> 73.78
A35: D | B35: =[1]Encarregado!$B$38 -> Seguro de vida, invalidez e funeral (Cláusula Décima Oitava da CCT) | I35: =(I29*3)/12 -> 410.1875 | K35: R$ 1.640,75*3 = 4.922,25/12 = 410,19 (valor mensal)
A36: E | B36: Cesta Básica (Cláusula Décima Quarta da CCT) | I36: ='Supervisor Limpeza'!I36 -> 110.52
A37: F | B37: Auxilio Creche (Cláusula Décima Nona da CCT) | I37: ='Supervisor Limpeza'!I37 -> 134.905 | K37: R$ 269,81*6 = 1.618,86/12 = 134,91 (valor mensal)
A38: Total de Benefícios mensais e diários | I38: =SUM(I32:J37) -> 1539.0125
A39: MÓDULO 3: INSUMOS DIVERSOS
A40: 3 | B40: Insumos Diversos | I40: Valor (R$)
A41: A | B41: Uniformes | I41: =Insumos!K5 -> 76.2225
A42: B | B42: EPI | I42: =Insumos!K6 -> 68.035
A43: C | B43: Equipamento de registro de ponto | I43: =Insumos!K7 -> 701.62483
A44: Total de Insumos diversos | I44: =SUM(I41:J43) -> 845.88233
A45: MÓDULO 4: ENCARGOS SOCIAIS E TRABALHISTAS
A46: 4.1 | B46: Encargos previdenciários e FGTS | G46: % | I46: Valor (R$)
A47: A | B47: INSS | G47: 0.2 | I47: =(G47*I29) -> 328.15
A48: B | B48: SESI ou SESC | G48: 0.015 | I48: =(G48*I29) -> 24.61125
A49: C | B49: SENAI ou SENAC | G49: 0.01 | I49: =(G49*I29) -> 16.4075
A50: D | B50: INCRA | G50: 0.002 | I50: =(G50*I29) -> 3.2815
A51: E | B51: Salário Educação | G51: 0.025 | I51: =(G51*I29) -> 41.01875
A52: F | B52: FGTS | G52: 0.08 | I52: =(G52*I29) -> 131.26
A53: G | B53: Riscos Ambientais do Trabalho – RAT x FAP | G53: 0.03 | I53: =(G53*I29) -> 49.2225
A54: H | B54: SEBRAE | G54: 0.006 | I54: =(G54*I29) -> 9.8445
A55: TOTAL | G55: =SUM(G47:H54) -> 0.368 | I55: =SUM(I47:J54) -> 603.796
A56: Submódulo 4.2 – 13º Salário e Adicional de Férias
A57: 4.2 | B57: 13º Salário e Adicional de Férias | I57: Valor (R$)
A58: A | B58: 13 º Salário | G58: 0.0833 | I58: =(G58*I29) -> 136.67448
A59: B | B59: Adicional de Férias | G59: 0.0278 | I59: =(G59*I29) -> 45.61285
A60: TOTAL | G60: =SUM(G58:H59) -> 0.1111 | I60: =SUM(I58:J59) -> 182.28733
A61: Submódulo 4.3 - Provisão para Rescisão
A62: 4.3 | B62: Provisão para Rescisão | I62: Valor (R$)
A63: A | B63: Aviso prévio indenizado | G63: 0.0042 | I63: =(G63*I29) -> 6.89115
A64: B | B64: Incidência do FGTS sobre aviso prévio indenizado | G64: 0.0003 | I64: =(G64*I29) -> 0.492225
A65: C | B65: Multa do FGTS do aviso prévio indenizado | G65: 0.0344 | I65: =(G65*I29) -> 56.4418
A66: D | B66: Aviso prévio trabalhado | G66: ='[2]REVISOR DE TEXTO'!G77 -> 0.0194 | I66: =(G66*I29) -> 31.83055
A67: E | B67: Incidência do submódulo 4.1 sobre aviso prévio trabalhado | G67: ='[2]REVISOR DE TEXTO'!G78 -> 0.00717412 | I67: =(G67*I29) -> 11.770937
A68: F | B68: Multa do FGTS do aviso prévio trabalhado | G68: 0.0006 | I68: =(G68*I29) -> 0.98445
A69: TOTAL | G69: =SUM(G63:H68) -> 0.06607412 | I69: =SUM(I63:J68) -> 108.41111
A70: Submódulo 4.4 – Custo de Reposição do Profissional Ausente
A71: 4.4 | B71: Composição do Custo de Reposição do Profissional Ausente | I71: Valor (R$)
A72: A | B72: Férias | G72: 0.0833 | I72: =(G72*I29) -> 136.67448
A73: B | B73: Ausência por doença | G73: 0.0139 | I73: =(G73*I29) -> 22.806425
A74: C | B74: Licença maternidade | G74: 0.0029 | I74: =(G74*I29) -> 4.758175
A75: D | B75: Licença paternidade | G75: ='[2]REVISOR DE TEXTO'!G85 -> 0.0002 | I75: =(G75*I29) -> 0.32815
A76: E | B76: Ausências legais | G76: 0.0028 | I76: =(G76*I29) -> 4.5941
A77: F | B77: Ausência por Acidente de trabalho | G77: 0.0007 | I77: =(G77*I29) -> 1.148525
A78: Subtotal antes da incidência de proprocional de férias, 1/3 e 13º s/custo de reposição | G78: =SUM(G72:G77) -> 0.1038 | I78: =SUM(I72:J77) -> 170.30985
A79: G | B79: Proporcional de Férias, 1/3 e 13º sobre custo de reposição (exceto licença maternidade) | G79: 0.0196 | I79: =(G79*I29) -> 32.1587
A80: Subtotal antes da incidência do modulo 4.1 | G80: =G78+G79 -> 0.1234 | I80: =SUM(I78:J79) -> 202.46855
A81: H | B81: Incidência do submódulo 4.1 sobre o Custo de reposição | G81: 0.0454 | I81: =(G81*I29) -> 74.49005
A82: TOTAL | G82: =G80+G81 -> 0.1688 | I82: =I80+I81 -> 276.9586
A83: QUADRO - RESUMO - MÓDULO 4 - ENCARGOS SOCIAIS E TRABALHISTAS
A84: 4 | B84: Módulo 4 - Encargos sociais e trabalhistas | I84: Valor (R$)
A85: 4.1 | B85: Encargos previdenciários e FGTS | G85: =G55 -> 0.368 | I85: =I55 -> 603.796
A86: 4.2 | B86: 13 º salário + Adicional de férias | G86: =G60 -> 0.1111 | I86: =(I60) -> 182.28733
A87: 4.3 | B87: Custo de rescisão | G87: =G69 -> 0.06607412 | I87: =I69 -> 108.41111
A88: 4.4 | B88: Custo de reposição do profissional ausente | G88: =G82 -> 0.1688 | I88: =I82 -> 276.9586
A89: TOTAL | G89: =SUM(G85:H88) -> 0.71397412 | I89: =SUM(I85:J88) -> 1171.453
A90: MÓDULO 5 - CUSTOS INDIRETOS, TRIBUTOS E LUCRO
A91: 5 | B91: Custos Indiretos, Tributos e Lucro | G91: % | I91: Valor (R$)
A92: A | B92: Custos Indiretos | G92: 0.05 | I92: =(I106*G92) -> 259.85489
A93: B | B93: Tributos
B94: B.1 Tributos Federais (PIS) | G94: 0.0165 | I94: =K95*G94 -> 115.50285 | K94: =(100%-SUM(G94:H96))/100 -> 0.008575
B95: B.2 Tributos Federais (COFINS) | G95: 0.076 | I95: =K95*G95 -> 532.01312 | K95: =(I106+I92+I98)/(100%-SUM(G94:H96))/100*100 -> 7000.1726
B96: B.3 Tributos Municipais (ISS) | G96: 0.05 | I96: =K95*G96 -> 350.00863
B97: B.4 Outros tributos (especificar)
A98: C | B98: Lucro | G98: 0.1 | I98: =SUM(I106+I92)*G98 -> 545.69528
A99: TOTAL | G99: =SUM(G92:H98) -> 0.2925 | I99: =SUM(I98+I97+I96+I95+I94+I92) -> 1803.0748
A100: Anexo III – B - Quadro-resumo do Custo por Empregado
B101: Mão-de-obra vinculada à execução contratual (valor por empregado) | I101: Valor (R$)
...

Sheet Aux. Serv. G Itapipoca
A1: AO
A2: SERVIÇO DE APOIO AS MICRO E PEQUENAS EMPRESAS DO ESTADO DO CEARÁ - SEBRAE/CE
A4: PLANILHA DE CUSTOS E FORMAÇÃO DE PREÇOS POR EMPREGADO
A5: Discriminação dos Serviços (dados referentes à contratação)
A6: A | B6: Data de apresentação da proposta (dia/mês/ano) | G6: ='Aux. Serv. G Iguatu'!G6 -> 46090
A7: B | B7: Município/UF | G7: Itapipoca
A8: C | B8: Ano Acordo, Convenção ou Sentença Normativa em Dissídio Coletivo | G8: SEACEC
A9: D | B9: Nº de meses de execução contratual | G9: 24
A10: Identificação do Serviço
A11: Tipo de Serviço | D11: Unidade de Medida | G11: Quantidade total a contratar (em função da unidade de medida)
A12: Contratação de empresa especializada de mão de obra, para o cargo de Auxiliar de Serviços Gerais (Limpeza) | D12: POSTO | G12: 1
A13: Anexo III-A – Mão-de-obra
A14: Mão-de-obra vinculada à execução contratual
A15: Dados complementares para composição dos custos referente à mão-de-obra
A16: 1 | B16: Tipo de serviço (mesmo serviço com características distintas) | I16: AUX. DE SERVIÇOS GERAIS (LIMPEZA)
A17: 2 | B17: Salário Normativo da Categoria Profissional | I17: ='Aux. Serv. G Iguatu'!I17 -> 1640.75
A18: 3 | B18: Categoria profissional (vinculada à execução contratual) | I18: =I16 -> AUX. DE SERVIÇOS GERAIS (LIMPEZA)
A19: 4 | B19: Data base da categoria (dia/mês/ano) | I19: ='Aux. Serv. G Iguatu'!I19 -> 46023
A20: MÓDULO 1 : COMPOSIÇÃO DA REMUNERAÇÃO
A21: 1 | B21: Composição da Remuneração | I21: Valor (R$)
A22: A | B22: Salário Base | I22: =I17 -> 1640.75
A23: B | B23: Adicional de periculosidade
A24: C | B24: Adicional de insalubridade
A25: D | B25: Adicional noturno
A26: E | B26: Hora noturna adicional
A27: F | B27: Adicional de Hora Extra
A28: G | B28: Intervalo Intrajornada
A29: Total da Remuneração | I29: =SUM(I22:J28) -> 1640.75
A30: MÓDULO 2: BENEFÍCIOS MENSAIS E DIÁRIOS
A31: 2 | B31: Benefícios Mensais e Diários | I31: Valor (R$)
A32: A | B32: Transporte (5,40*2*52 dias trabalhados) - 6% de desconto sobre o salário base (Cláusula Décima Sexta) | I32: =ROUND((5.4*52)-(I29*6%),2) -> 182.36 | K32: =I29*6% -> 98.445
A33: B | B33: Auxílio-Refeição/Alimentação (R$ 28,80*22 dias) - 1% de desconto (Cláusula Décima Quinta CCT) | I33: =ROUND((28.8*22)-(28.8*22)*1%,2) -> 627.26 | K33: ='Supervisor Limpeza'!K33 -> R$ 633,60*1% = 6,33
A34: C | B34: Plano de Saúde (Cláusula Décima Setima da CCT) | I34: ='Supervisor Limpeza'!I34 -> 73.78
A35: D | B35: =[1]Encarregado!$B$38 -> Seguro de vida, invalidez e funeral (Cláusula Décima Oitava da CCT) | I35: =(I29*3)/12 -> 410.1875 | K35: R$ 1.640,75*3 = 4.922,25/12 = 410,19 (valor mensal)
A36: E | B36: Cesta Básica (Cláusula Décima Quarta da CCT) | I36: ='Supervisor Limpeza'!I36 -> 110.52
A37: F | B37: Auxilio Creche (Cláusula Décima Nona da CCT) | I37: ='Supervisor Limpeza'!I37 -> 134.905 | K37: R$ 269,81*6 = 1.618,86/12 = 134,91 (valor mensal)
A38: Total de Benefícios mensais e diários | I38: =SUM(I32:J37) -> 1539.0125
A39: MÓDULO 3: INSUMOS DIVERSOS
A40: 3 | B40: Insumos Diversos | I40: Valor (R$)
A41: A | B41: Uniformes | I41: =Insumos!K5 -> 76.2225
A42: B | B42: EPI | I42: =Insumos!K6 -> 68.035
A43: C | B43: Equipamento de registro de ponto | I43: =Insumos!K7 -> 701.62483
A44: Total de Insumos diversos | I44: =SUM(I41:J43) -> 845.88233
A45: MÓDULO 4: ENCARGOS SOCIAIS E TRABALHISTAS
A46: 4.1 | B46: Encargos previdenciários e FGTS | G46: % | I46: Valor (R$)
A47: A | B47: INSS | G47: 0.2 | I47: =(G47*I29) -> 328.15
A48: B | B48: SESI ou SESC | G48: 0.015 | I48: =(G48*I29) -> 24.61125
A49: C | B49: SENAI ou SENAC | G49: 0.01 | I49: =(G49*I29) -> 16.4075
A50: D | B50: INCRA | G50: 0.002 | I50: =(G50*I29) -> 3.2815
A51: E | B51: Salário Educação | G51: 0.025 | I51: =(G51*I29) -> 41.01875
A52: F | B52: FGTS | G52: 0.08 | I52: =(G52*I29) -> 131.26
A53: G | B53: Riscos Ambientais do Trabalho – RAT x FAP | G53: 0.03 | I53: =(G53*I29) -> 49.2225
A54: H | B54: SEBRAE | G54: 0.006 | I54: =(G54*I29) -> 9.8445
A55: TOTAL | G55: =SUM(G47:H54) -> 0.368 | I55: =SUM(I47:J54) -> 603.796
A56: Submódulo 4.2 – 13º Salário e Adicional de Férias
A57: 4.2 | B57: 13º Salário e Adicional de Férias | I57: Valor (R$)
A58: A | B58: 13 º Salário | G58: 0.0833 | I58: =(G58*I29) -> 136.67448
A59: B | B59: Adicional de Férias | G59: 0.0278 | I59: =(G59*I29) -> 45.61285
A60: TOTAL | G60: =SUM(G58:H59) -> 0.1111 | I60: =SUM(I58:J59) -> 182.28733
A61: Submódulo 4.3 - Provisão para Rescisão
A62: 4.3 | B62: Provisão para Rescisão | I62: Valor (R$)
A63: A | B63: Aviso prévio indenizado | G63: 0.0042 | I63: =(G63*I29) -> 6.89115
A64: B | B64: Incidência do FGTS sobre aviso prévio indenizado | G64: 0.0003 | I64: =(G64*I29) -> 0.492225
A65: C | B65: Multa do FGTS do aviso prévio indenizado | G65: 0.0344 | I65: =(G65*I29) -> 56.4418
A66: D | B66: Aviso prévio trabalhado | G66: ='[2]REVISOR DE TEXTO'!G77 -> 0.0194 | I66: =(G66*I29) -> 31.83055
A67: E | B67: Incidência do submódulo 4.1 sobre aviso prévio trabalhado | G67: ='[2]REVISOR DE TEXTO'!G78 -> 0.00717412 | I67: =(G67*I29) -> 11.770937
A68: F | B68: Multa do FGTS do aviso prévio trabalhado | G68: 0.0006 | I68: =(G68*I29) -> 0.98445
A69: TOTAL | G69: =SUM(G63:H68) -> 0.06607412 | I69: =SUM(I63:J68) -> 108.41111
A70: Submódulo 4.4 – Custo de Reposição do Profissional Ausente
A71: 4.4 | B71: Composição do Custo de Reposição do Profissional Ausente | I71: Valor (R$)
A72: A | B72: Férias | G72: 0.0833 | I72: =(G72*I29) -> 136.67448
A73: B | B73: Ausência por doença | G73: 0.0139 | I73: =(G73*I29) -> 22.806425
A74: C | B74: Licença maternidade | G74: 0.0029 | I74: =(G74*I29) -> 4.758175
A75: D | B75: Licença paternidade | G75: ='[2]REVISOR DE TEXTO'!G85 -> 0.0002 | I75: =(G75*I29) -> 0.32815
A76: E | B76: Ausências legais | G76: 0.0028 | I76: =(G76*I29) -> 4.5941
A77: F | B77: Ausência por Acidente de trabalho | G77: 0.0007 | I77: =(G77*I29) -> 1.148525
A78: Subtotal antes da incidência de proprocional de férias, 1/3 e 13º s/custo de reposição | G78: =SUM(G72:G77) -> 0.1038 | I78: =SUM(I72:J77) -> 170.30985
A79: G | B79: Proporcional de Férias, 1/3 e 13º sobre custo de reposição (exceto licença maternidade) | G79: 0.0196 | I79: =(G79*I29) -> 32.1587
A80: Subtotal antes da incidência do modulo 4.1 | G80: =G78+G79 -> 0.1234 | I80: =SUM(I78:J79) -> 202.46855
A81: H | B81: Incidência do submódulo 4.1 sobre o Custo de reposição | G81: 0.0454 | I81: =(G81*I29) -> 74.49005
A82: TOTAL | G82: =G80+G81 -> 0.1688 | I82: =I80+I81 -> 276.9586
A83: QUADRO - RESUMO - MÓDULO 4 - ENCARGOS SOCIAIS E TRABALHISTAS
A84: 4 | B84: Módulo 4 - Encargos sociais e trabalhistas | I84: Valor (R$)
A85: 4.1 | B85: Encargos previdenciários e FGTS | G85: =G55 -> 0.368 | I85: =I55 -> 603.796
A86: 4.2 | B86: 13 º salário + Adicional de férias | G86: =G60 -> 0.1111 | I86: =(I60) -> 182.28733
A87: 4.3 | B87: Custo de rescisão | G87: =G69 -> 0.06607412 | I87: =I69 -> 108.41111
A88: 4.4 | B88: Custo de reposição do profissional ausente | G88: =G82 -> 0.1688 | I88: =I82 -> 276.9586
A89: TOTAL | G89: =SUM(G85:H88) -> 0.71397412 | I89: =SUM(I85:J88) -> 1171.453
A90: MÓDULO 5 - CUSTOS INDIRETOS, TRIBUTOS E LUCRO
A91: 5 | B91: Custos Indiretos, Tributos e Lucro | G91: % | I91: Valor (R$)
A92: A | B92: Custos Indiretos | G92: 0.05 | I92: =(I106*G92) -> 259.85489
A93: B | B93: Tributos
B94: B.1 Tributos Federais (PIS) | G94: 0.0165 | I94: =K95*G94 -> 115.50285 | K94: =(100%-SUM(G94:H96))/100 -> 0.008575
B95: B.2 Tributos Federais (COFINS) | G95: 0.076 | I95: =K95*G95 -> 532.01312 | K95: =(I106+I92+I98)/(100%-SUM(G94:H96))/100*100 -> 7000.1726
B96: B.3 Tributos Municipais (ISS) | G96: 0.05 | I96: =K95*G96 -> 350.00863
B97: B.4 Outros tributos (especificar)
A98: C | B98: Lucro | G98: 0.1 | I98: =SUM(I106+I92)*G98 -> 545.69528
A99: TOTAL | G99: =SUM(G92:H98) -> 0.2925 | I99: =SUM(I98+I97+I96+I95+I94+I92) -> 1803.0748
A100: Anexo III – B - Quadro-resumo do Custo por Empregado
B101: Mão-de-obra vinculada à execução contratual (valor por empregado) | I101: Valor (R$)
...

Sheet Aux. Serv. G Iguatu
A1: AO
A2: SERVIÇO DE APOIO AS MICRO E PEQUENAS EMPRESAS DO ESTADO DO CEARÁ - SEBRAE/CE
A4: PLANILHA DE CUSTOS E FORMAÇÃO DE PREÇOS POR EMPREGADO
A5: Discriminação dos Serviços (dados referentes à contratação)
A6: A | B6: Data de apresentação da proposta (dia/mês/ano) | G6: ='Aux. Serv. G Crateús'!G6 -> 46090
A7: B | B7: Município/UF | G7: Iguatu
A8: C | B8: Ano Acordo, Convenção ou Sentença Normativa em Dissídio Coletivo | G8: SEACEC
A9: D | B9: Nº de meses de execução contratual | G9: 24
A10: Identificação do Serviço
A11: Tipo de Serviço | D11: Unidade de Medida | G11: Quantidade total a contratar (em função da unidade de medida)
A12: Contratação de empresa especializada de mão de obra, para o cargo de Auxiliar de Serviços Gerais (Limpeza) | D12: POSTO | G12: 1
A13: Anexo III-A – Mão-de-obra
A14: Mão-de-obra vinculada à execução contratual
A15: Dados complementares para composição dos custos referente à mão-de-obra
A16: 1 | B16: Tipo de serviço (mesmo serviço com características distintas) | I16: AUX. DE SERVIÇOS GERAIS (LIMPEZA)
A17: 2 | B17: Salário Normativo da Categoria Profissional | I17: ='Aux. Serv. G Crateús'!I17 -> 1640.75
A18: 3 | B18: Categoria profissional (vinculada à execução contratual) | I18: =I16 -> AUX. DE SERVIÇOS GERAIS (LIMPEZA)
A19: 4 | B19: Data base da categoria (dia/mês/ano) | I19: ='Aux. Serv. G Crateús'!I19 -> 46023
A20: MÓDULO 1 : COMPOSIÇÃO DA REMUNERAÇÃO
A21: 1 | B21: Composição da Remuneração | I21: Valor (R$)
A22: A | B22: Salário Base | I22: =I17 -> 1640.75
A23: B | B23: Adicional de periculosidade
A24: C | B24: Adicional de insalubridade
A25: D | B25: Adicional noturno
A26: E | B26: Hora noturna adicional
A27: F | B27: Adicional de Hora Extra
A28: G | B28: Intervalo Intrajornada
A29: Total da Remuneração | I29: =SUM(I22:J28) -> 1640.75
A30: MÓDULO 2: BENEFÍCIOS MENSAIS E DIÁRIOS
A31: 2 | B31: Benefícios Mensais e Diários | I31: Valor (R$)
A32: A | B32: Transporte (5,40*2*52 dias trabalhados) - 6% de desconto sobre o salário base (Cláusula Décima Sexta) | I32: =ROUND((5.4*52)-(I29*6%),2) -> 182.36 | K32: =I29*6% -> 98.445
A33: B | B33: Auxílio-Refeição/Alimentação (R$ 28,80*22 dias) - 1% de desconto (Cláusula Décima Quinta CCT) | I33: =ROUND((28.8*22)-(28.8*22)*1%,2) -> 627.26 | K33: ='Supervisor Limpeza'!K33 -> R$ 633,60*1% = 6,33
A34: C | B34: Plano de Saúde (Cláusula Décima Setima da CCT) | I34: ='Supervisor Limpeza'!I34 -> 73.78
A35: D | B35: =[1]Encarregado!$B$38 -> Seguro de vida, invalidez e funeral (Cláusula Décima Oitava da CCT) | I35: =(I29*3)/12 -> 410.1875 | K35: R$ 1.640,75*3 = 4.922,25/12 = 410,19 (valor mensal)
A36: E | B36: Cesta Básica (Cláusula Décima Quarta da CCT) | I36: ='Supervisor Limpeza'!I36 -> 110.52
A37: F | B37: Auxilio Creche (Cláusula Décima Nona da CCT) | I37: ='Supervisor Limpeza'!I37 -> 134.905 | K37: R$ 269,81*6 = 1.618,86/12 = 134,91 (valor mensal)
A38: Total de Benefícios mensais e diários | I38: =SUM(I32:J37) -> 1539.0125
A39: MÓDULO 3: INSUMOS DIVERSOS
A40: 3 | B40: Insumos Diversos | I40: Valor (R$)
A41: A | B41: Uniformes | I41: =Insumos!K5 -> 76.2225
A42: B | B42: EPI | I42: =Insumos!K6 -> 68.035
A43: C | B43: Equipamento de registro de ponto | I43: =Insumos!K7 -> 701.62483
A44: Total de Insumos diversos | I44: =SUM(I41:J43) -> 845.88233
A45: MÓDULO 4: ENCARGOS SOCIAIS E TRABALHISTAS
A46: 4.1 | B46: Encargos previdenciários e FGTS | G46: % | I46: Valor (R$)
A47: A | B47: INSS | G47: 0.2 | I47: =(G47*I29) -> 328.15
A48: B | B48: SESI ou SESC | G48: 0.015 | I48: =(G48*I29) -> 24.61125
A49: C | B49: SENAI ou SENAC | G49: 0.01 | I49: =(G49*I29) -> 16.4075
A50: D | B50: INCRA | G50: 0.002 | I50: =(G50*I29) -> 3.2815
A51: E | B51: Salário Educação | G51: 0.025 | I51: =(G51*I29) -> 41.01875
A52: F | B52: FGTS | G52: 0.08 | I52: =(G52*I29) -> 131.26
A53: G | B53: Riscos Ambientais do Trabalho – RAT x FAP | G53: 0.03 | I53: =(G53*I29) -> 49.2225
A54: H | B54: SEBRAE | G54: 0.006 | I54: =(G54*I29) -> 9.8445
A55: TOTAL | G55: =SUM(G47:H54) -> 0.368 | I55: =SUM(I47:J54) -> 603.796
A56: Submódulo 4.2 – 13º Salário e Adicional de Férias
A57: 4.2 | B57: 13º Salário e Adicional de Férias | I57: Valor (R$)
A58: A | B58: 13 º Salário | G58: 0.0833 | I58: =(G58*I29) -> 136.67448
A59: B | B59: Adicional de Férias | G59: 0.0278 | I59: =(G59*I29) -> 45.61285
A60: TOTAL | G60: =SUM(G58:H59) -> 0.1111 | I60: =SUM(I58:J59) -> 182.28733
A61: Submódulo 4.3 - Provisão para Rescisão
A62: 4.3 | B62: Provisão para Rescisão | I62: Valor (R$)
A63: A | B63: Aviso prévio indenizado | G63: 0.0042 | I63: =(G63*I29) -> 6.89115
A64: B | B64: Incidência do FGTS sobre aviso prévio indenizado | G64: 0.0003 | I64: =(G64*I29) -> 0.492225
A65: C | B65: Multa do FGTS do aviso prévio indenizado | G65: 0.0344 | I65: =(G65*I29) -> 56.4418
A66: D | B66: Aviso prévio trabalhado | G66: ='[2]REVISOR DE TEXTO'!G77 -> 0.0194 | I66: =(G66*I29) -> 31.83055
A67: E | B67: Incidência do submódulo 4.1 sobre aviso prévio trabalhado | G67: ='[2]REVISOR DE TEXTO'!G78 -> 0.00717412 | I67: =(G67*I29) -> 11.770937
A68: F | B68: Multa do FGTS do aviso prévio trabalhado | G68: 0.0006 | I68: =(G68*I29) -> 0.98445
A69: TOTAL | G69: =SUM(G63:H68) -> 0.06607412 | I69: =SUM(I63:J68) -> 108.41111
A70: Submódulo 4.4 – Custo de Reposição do Profissional Ausente
A71: 4.4 | B71: Composição do Custo de Reposição do Profissional Ausente | I71: Valor (R$)
A72: A | B72: Férias | G72: 0.0833 | I72: =(G72*I29) -> 136.67448
A73: B | B73: Ausência por doença | G73: 0.0139 | I73: =(G73*I29) -> 22.806425
A74: C | B74: Licença maternidade | G74: 0.0029 | I74: =(G74*I29) -> 4.758175
A75: D | B75: Licença paternidade | G75: ='[2]REVISOR DE TEXTO'!G85 -> 0.0002 | I75: =(G75*I29) -> 0.32815
A76: E | B76: Ausências legais | G76: 0.0028 | I76: =(G76*I29) -> 4.5941
A77: F | B77: Ausência por Acidente de trabalho | G77: 0.0007 | I77: =(G77*I29) -> 1.148525
A78: Subtotal antes da incidência de proprocional de férias, 1/3 e 13º s/custo de reposição | G78: =SUM(G72:G77) -> 0.1038 | I78: =SUM(I72:J77) -> 170.30985
A79: G | B79: Proporcional de Férias, 1/3 e 13º sobre custo de reposição (exceto licença maternidade) | G79: 0.0196 | I79: =(G79*I29) -> 32.1587
A80: Subtotal antes da incidência do modulo 4.1 | G80: =G78+G79 -> 0.1234 | I80: =SUM(I78:J79) -> 202.46855
A81: H | B81: Incidência do submódulo 4.1 sobre o Custo de reposição | G81: 0.0454 | I81: =(G81*I29) -> 74.49005
A82: TOTAL | G82: =G80+G81 -> 0.1688 | I82: =I80+I81 -> 276.9586
A83: QUADRO - RESUMO - MÓDULO 4 - ENCARGOS SOCIAIS E TRABALHISTAS
A84: 4 | B84: Módulo 4 - Encargos sociais e trabalhistas | I84: Valor (R$)
A85: 4.1 | B85: Encargos previdenciários e FGTS | G85: =G55 -> 0.368 | I85: =I55 -> 603.796
A86: 4.2 | B86: 13 º salário + Adicional de férias | G86: =G60 -> 0.1111 | I86: =(I60) -> 182.28733
A87: 4.3 | B87: Custo de rescisão | G87: =G69 -> 0.06607412 | I87: =I69 -> 108.41111
A88: 4.4 | B88: Custo de reposição do profissional ausente | G88: =G82 -> 0.1688 | I88: =I82 -> 276.9586
A89: TOTAL | G89: =SUM(G85:H88) -> 0.71397412 | I89: =SUM(I85:J88) -> 1171.453
A90: MÓDULO 5 - CUSTOS INDIRETOS, TRIBUTOS E LUCRO
A91: 5 | B91: Custos Indiretos, Tributos e Lucro | G91: % | I91: Valor (R$)
A92: A | B92: Custos Indiretos | G92: 0.05 | I92: =(I106*G92) -> 259.85489
A93: B | B93: Tributos
B94: B.1 Tributos Federais (PIS) | G94: 0.0165 | I94: =K95*G94 -> 115.50285 | K94: =(100%-SUM(G94:H96))/100 -> 0.008575
B95: B.2 Tributos Federais (COFINS) | G95: 0.076 | I95: =K95*G95 -> 532.01312 | K95: =(I106+I92+I98)/(100%-SUM(G94:H96))/100*100 -> 7000.1726
B96: B.3 Tributos Municipais (ISS) | G96: 0.05 | I96: =K95*G96 -> 350.00863
B97: B.4 Outros tributos (especificar)
A98: C | B98: Lucro | G98: 0.1 | I98: =SUM(I106+I92)*G98 -> 545.69528
A99: TOTAL | G99: =SUM(G92:H98) -> 0.2925 | I99: =SUM(I98+I97+I96+I95+I94+I92) -> 1803.0748
A100: Anexo III – B - Quadro-resumo do Custo por Empregado
B101: Mão-de-obra vinculada à execução contratual (valor por empregado) | I101: Valor (R$)
...

Sheet Aux. Serv. G  Tauá
A1: AO
A2: SERVIÇO DE APOIO AS MICRO E PEQUENAS EMPRESAS DO ESTADO DO CEARÁ - SEBRAE/CE
A4: PLANILHA DE CUSTOS E FORMAÇÃO DE PREÇOS POR EMPREGADO
A5: Discriminação dos Serviços (dados referentes à contratação)
A6: A | B6: Data de apresentação da proposta (dia/mês/ano) | G6: ='Aux. Serv. G Sobral'!G6 -> 46090
A7: B | B7: Município/UF | G7: Tauá
A8: C | B8: Ano Acordo, Convenção ou Sentença Normativa em Dissídio Coletivo | G8: SEACEC
A9: D | B9: Nº de meses de execução contratual | G9: 24
A10: Identificação do Serviço
A11: Tipo de Serviço | D11: Unidade de Medida | G11: Quantidade total a contratar (em função da unidade de medida)
A12: Contratação de empresa especializada de mão de obra, para o cargo de Auxiliar de Serviços Gerais (Limpeza) | D12: POSTO | G12: 1
A13: Anexo III-A – Mão-de-obra
A14: Mão-de-obra vinculada à execução contratual
A15: Dados complementares para composição dos custos referente à mão-de-obra
A16: 1 | B16: Tipo de serviço (mesmo serviço com características distintas) | I16: AUX. DE SERVIÇOS GERAIS (LIMPEZA)
A17: 2 | B17: Salário Normativo da Categoria Profissional | I17: ='Aux. Serv. G Sobral'!I17 -> 1640.75
A18: 3 | B18: Categoria profissional (vinculada à execução contratual) | I18: =I16 -> AUX. DE SERVIÇOS GERAIS (LIMPEZA)
A19: 4 | B19: Data base da categoria (dia/mês/ano) | I19: ='Aux. Serv. G Sobral'!I19 -> 46023
A20: MÓDULO 1 : COMPOSIÇÃO DA REMUNERAÇÃO
A21: 1 | B21: Composição da Remuneração | I21: Valor (R$)
A22: A | B22: Salário Base | I22: =I17 -> 1640.75
A23: B | B23: Adicional de periculosidade
A24: C | B24: Adicional de insalubridade
A25: D | B25: Adicional noturno
A26: E | B26: Hora noturna adicional
A27: F | B27: Adicional de Hora Extra
A28: G | B28: Intervalo Intrajornada
A29: Total da Remuneração | I29: =SUM(I22:J28) -> 1640.75
A30: MÓDULO 2: BENEFÍCIOS MENSAIS E DIÁRIOS
A31: 2 | B31: Benefícios Mensais e Diários | I31: Valor (R$)
A32: A | B32: Transporte (5,40*2*52 dias trabalhados) - 6% de desconto sobre o salário base (Cláusula Décima Sexta) | I32: =ROUND((5.4*52)-(I29*6%),2) -> 182.36 | K32: =I29*6% -> 98.445
A33: B | B33: Auxílio-Refeição/Alimentação (R$ 28,80*22 dias) - 1% de desconto (Cláusula Décima Quinta CCT) | I33: =ROUND((28.8*22)-(28.8*22)*1%,2) -> 627.26 | K33: ='Supervisor Limpeza'!K33 -> R$ 633,60*1% = 6,33
A34: C | B34: Plano de Saúde (Cláusula Décima Setima da CCT) | I34: ='Supervisor Limpeza'!I34 -> 73.78
A35: D | B35: =[1]Encarregado!$B$38 -> Seguro de vida, invalidez e funeral (Cláusula Décima Oitava da CCT) | I35: =(I29*3)/12 -> 410.1875 | K35: R$ 1.640,75*3 = 4.922,25/12 = 410,19 (valor mensal)
A36: E | B36: Cesta Básica (Cláusula Décima Quarta da CCT) | I36: ='Supervisor Limpeza'!I36 -> 110.52
A37: F | B37: Auxilio Creche (Cláusula Décima Nona da CCT) | I37: ='Supervisor Limpeza'!I37 -> 134.905 | K37: R$ 269,81*6 = 1.618,86/12 = 134,91 (valor mensal)
A38: Total de Benefícios mensais e diários | I38: =SUM(I32:J37) -> 1539.0125
A39: MÓDULO 3: INSUMOS DIVERSOS
A40: 3 | B40: Insumos Diversos | I40: Valor (R$)
A41: A | B41: Uniformes | I41: =Insumos!K5 -> 76.2225
A42: B | B42: EPI | I42: =Insumos!K6 -> 68.035
A43: C | B43: Equipamento de registro de ponto | I43: =Insumos!K7 -> 701.62483
A44: Total de Insumos diversos | I44: =SUM(I41:J43) -> 845.88233
A45: MÓDULO 4: ENCARGOS SOCIAIS E TRABALHISTAS
A46: 4.1 | B46: Encargos previdenciários e FGTS | G46: % | I46: Valor (R$)
A47: A | B47: INSS | G47: 0.2 | I47: =(G47*I29) -> 328.15
A48: B | B48: SESI ou SESC | G48: 0.015 | I48: =(G48*I29) -> 24.61125
A49: C | B49: SENAI ou SENAC | G49: 0.01 | I49: =(G49*I29) -> 16.4075
A50: D | B50: INCRA | G50: 0.002 | I50: =(G50*I29) -> 3.2815
A51: E | B51: Salário Educação | G51: 0.025 | I51: =(G51*I29) -> 41.01875
A52: F | B52: FGTS | G52: 0.08 | I52: =(G52*I29) -> 131.26
A53: G | B53: Riscos Ambientais do Trabalho – RAT x FAP | G53: 0.03 | I53: =(G53*I29) -> 49.2225
A54: H | B54: SEBRAE | G54: 0.006 | I54: =(G54*I29) -> 9.8445
A55: TOTAL | G55: =SUM(G47:H54) -> 0.368 | I55: =SUM(I47:J54) -> 603.796
A56: Submódulo 4.2 – 13º Salário e Adicional de Férias
A57: 4.2 | B57: 13º Salário e Adicional de Férias | I57: Valor (R$)
A58: A | B58: 13 º Salário | G58: 0.0833 | I58: =(G58*I29) -> 136.67448
A59: B | B59: Adicional de Férias | G59: 0.0278 | I59: =(G59*I29) -> 45.61285
A60: TOTAL | G60: =SUM(G58:H59) -> 0.1111 | I60: =SUM(I58:J59) -> 182.28733
A61: Submódulo 4.3 - Provisão para Rescisão
A62: 4.3 | B62: Provisão para Rescisão | I62: Valor (R$)
A63: A | B63: Aviso prévio indenizado | G63: 0.0042 | I63: =(G63*I29) -> 6.89115
A64: B | B64: Incidência do FGTS sobre aviso prévio indenizado | G64: 0.0003 | I64: =(G64*I29) -> 0.492225
A65: C | B65: Multa do FGTS do aviso prévio indenizado | G65: 0.0344 | I65: =(G65*I29) -> 56.4418
A66: D | B66: Aviso prévio trabalhado | G66: ='[2]REVISOR DE TEXTO'!G77 -> 0.0194 | I66: =(G66*I29) -> 31.83055
A67: E | B67: Incidência do submódulo 4.1 sobre aviso prévio trabalhado | G67: ='[2]REVISOR DE TEXTO'!G78 -> 0.00717412 | I67: =(G67*I29) -> 11.770937
A68: F | B68: Multa do FGTS do aviso prévio trabalhado | G68: 0.0006 | I68: =(G68*I29) -> 0.98445
A69: TOTAL | G69: =SUM(G63:H68) -> 0.06607412 | I69: =SUM(I63:J68) -> 108.41111
A70: Submódulo 4.4 – Custo de Reposição do Profissional Ausente
A71: 4.4 | B71: Composição do Custo de Reposição do Profissional Ausente | I71: Valor (R$)
A72: A | B72: Férias | G72: 0.0833 | I72: =(G72*I29) -> 136.67448
A73: B | B73: Ausência por doença | G73: 0.0139 | I73: =(G73*I29) -> 22.806425
A74: C | B74: Licença maternidade | G74: 0.0029 | I74: =(G74*I29) -> 4.758175
A75: D | B75: Licença paternidade | G75: ='[2]REVISOR DE TEXTO'!G85 -> 0.0002 | I75: =(G75*I29) -> 0.32815
A76: E | B76: Ausências legais | G76: 0.0028 | I76: =(G76*I29) -> 4.5941
A77: F | B77: Ausência por Acidente de trabalho | G77: 0.0007 | I77: =(G77*I29) -> 1.148525
A78: Subtotal antes da incidência de proprocional de férias, 1/3 e 13º s/custo de reposição | G78: =SUM(G72:G77) -> 0.1038 | I78: =SUM(I72:J77) -> 170.30985
A79: G | B79: Proporcional de Férias, 1/3 e 13º sobre custo de reposição (exceto licença maternidade) | G79: 0.0196 | I79: =(G79*I29) -> 32.1587
A80: Subtotal antes da incidência do modulo 4.1 | G80: =G78+G79 -> 0.1234 | I80: =SUM(I78:J79) -> 202.46855
A81: H | B81: Incidência do submódulo 4.1 sobre o Custo de reposição | G81: 0.0454 | I81: =(G81*I29) -> 74.49005
A82: TOTAL | G82: =G80+G81 -> 0.1688 | I82: =I80+I81 -> 276.9586
A83: QUADRO - RESUMO - MÓDULO 4 - ENCARGOS SOCIAIS E TRABALHISTAS
A84: 4 | B84: Módulo 4 - Encargos sociais e trabalhistas | I84: Valor (R$)
A85: 4.1 | B85: Encargos previdenciários e FGTS | G85: =G55 -> 0.368 | I85: =I55 -> 603.796
A86: 4.2 | B86: 13 º salário + Adicional de férias | G86: =G60 -> 0.1111 | I86: =(I60) -> 182.28733
A87: 4.3 | B87: Custo de rescisão | G87: =G69 -> 0.06607412 | I87: =I69 -> 108.41111
A88: 4.4 | B88: Custo de reposição do profissional ausente | G88: =G82 -> 0.1688 | I88: =I82 -> 276.9586
A89: TOTAL | G89: =SUM(G85:H88) -> 0.71397412 | I89: =SUM(I85:J88) -> 1171.453
A90: MÓDULO 5 - CUSTOS INDIRETOS, TRIBUTOS E LUCRO
A91: 5 | B91: Custos Indiretos, Tributos e Lucro | G91: % | I91: Valor (R$)
A92: A | B92: Custos Indiretos | G92: 0.05 | I92: =(I106*G92) -> 259.85489
A93: B | B93: Tributos
B94: B.1 Tributos Federais (PIS) | G94: 0.0165 | I94: =K95*G94 -> 115.50285 | K94: =(100%-SUM(G94:H96))/100 -> 0.008575
B95: B.2 Tributos Federais (COFINS) | G95: 0.076 | I95: =K95*G95 -> 532.01312 | K95: =(I106+I92+I98)/(100%-SUM(G94:H96))/100*100 -> 7000.1726
B96: B.3 Tributos Municipais (ISS) | G96: 0.05 | I96: =K95*G96 -> 350.00863
B97: B.4 Outros tributos (especificar)
A98: C | B98: Lucro | G98: 0.1 | I98: =SUM(I106+I92)*G98 -> 545.69528
A99: TOTAL | G99: =SUM(G92:H98) -> 0.2925 | I99: =SUM(I98+I97+I96+I95+I94+I92) -> 1803.0748
A100: Anexo III – B - Quadro-resumo do Custo por Empregado
B101: Mão-de-obra vinculada à execução contratual (valor por empregado) | I101: Valor (R$)
...

Sheet Aux. Serv. G  Juazeiro
A1: AO
A2: SERVIÇO DE APOIO AS MICRO E PEQUENAS EMPRESAS DO ESTADO DO CEARÁ - SEBRAE/CE
A4: PLANILHA DE CUSTOS E FORMAÇÃO DE PREÇOS POR EMPREGADO
A5: Discriminação dos Serviços (dados referentes à contratação)
A6: A | B6: Data de apresentação da proposta (dia/mês/ano) | G6: ='Aux. Serv. G Itapipoca'!G6 -> 46090
A7: B | B7: Município/UF | G7: Juazeiro
A8: C | B8: Ano Acordo, Convenção ou Sentença Normativa em Dissídio Coletivo | G8: SEACEC
A9: D | B9: Nº de meses de execução contratual | G9: 24
A10: Identificação do Serviço
A11: Tipo de Serviço | D11: Unidade de Medida | G11: Quantidade total a contratar (em função da unidade de medida)
A12: Contratação de empresa especializada de mão de obra, para o cargo de Auxiliar de Serviços Gerais (Limpeza) | D12: POSTO | G12: 2
A13: Anexo III-A – Mão-de-obra
A14: Mão-de-obra vinculada à execução contratual
A15: Dados complementares para composição dos custos referente à mão-de-obra
A16: 1 | B16: Tipo de serviço (mesmo serviço com características distintas) | I16: AUX. DE SERVIÇOS GERAIS (LIMPEZA)
A17: 2 | B17: Salário Normativo da Categoria Profissional | I17: ='Aux. Serv. G Itapipoca'!I17 -> 1640.75
A18: 3 | B18: Categoria profissional (vinculada à execução contratual) | I18: =I16 -> AUX. DE SERVIÇOS GERAIS (LIMPEZA)
A19: 4 | B19: Data base da categoria (dia/mês/ano) | I19: ='Aux. Serv. G Itapipoca'!I19 -> 46023
A20: MÓDULO 1 : COMPOSIÇÃO DA REMUNERAÇÃO
A21: 1 | B21: Composição da Remuneração | I21: Valor (R$)
A22: A | B22: Salário Base | I22: =I17 -> 1640.75
A23: B | B23: Adicional de periculosidade
A24: C | B24: Adicional de insalubridade
A25: D | B25: Adicional noturno
A26: E | B26: Hora noturna adicional
A27: F | B27: Adicional de Hora Extra
A28: G | B28: Intervalo Intrajornada
A29: Total da Remuneração | I29: =SUM(I22:J28) -> 1640.75
A30: MÓDULO 2: BENEFÍCIOS MENSAIS E DIÁRIOS
A31: 2 | B31: Benefícios Mensais e Diários | I31: Valor (R$)
A32: A | B32: Transporte (5,40*2*52 dias trabalhados) - 6% de desconto sobre o salário base (Cláusula Décima Sexta) | I32: =ROUND((5.4*52)-(I29*6%),2) -> 182.36 | K32: =I29*6% -> 98.445
A33: B | B33: Auxílio-Refeição/Alimentação (R$ 28,80*22 dias) - 1% de desconto (Cláusula Décima Quinta CCT) | I33: =ROUND((28.8*22)-(28.8*22)*1%,2) -> 627.26 | K33: ='Supervisor Limpeza'!K33 -> R$ 633,60*1% = 6,33
A34: C | B34: Plano de Saúde (Cláusula Décima Setima da CCT) | I34: ='Supervisor Limpeza'!I34 -> 73.78
A35: D | B35: =[1]Encarregado!$B$38 -> Seguro de vida, invalidez e funeral (Cláusula Décima Oitava da CCT) | I35: =(I29*3)/12 -> 410.1875 | K35: R$ 1.640,75*3 = 4.922,25/12 = 410,19 (valor mensal)
A36: E | B36: Cesta Básica (Cláusula Décima Quarta da CCT) | I36: ='Supervisor Limpeza'!I36 -> 110.52
A37: F | B37: Auxilio Creche (Cláusula Décima Nona da CCT) | I37: ='Supervisor Limpeza'!I37 -> 134.905 | K37: R$ 269,81*6 = 1.618,86/12 = 134,91 (valor mensal)
A38: Total de Benefícios mensais e diários | I38: =SUM(I32:J37) -> 1539.0125
A39: MÓDULO 3: INSUMOS DIVERSOS
A40: 3 | B40: Insumos Diversos | I40: Valor (R$)
A41: A | B41: Uniformes | I41: =Insumos!K5 -> 76.2225
A42: B | B42: EPI | I42: =Insumos!K6 -> 68.035
A43: C | B43: Equipamento de registro de ponto | I43: =Insumos!K7 -> 701.62483
A44: Total de Insumos diversos | I44: =SUM(I41:J43) -> 845.88233
A45: MÓDULO 4: ENCARGOS SOCIAIS E TRABALHISTAS
A46: 4.1 | B46: Encargos previdenciários e FGTS | G46: % | I46: Valor (R$)
A47: A | B47: INSS | G47: 0.2 | I47: =(G47*I29) -> 328.15
A48: B | B48: SESI ou SESC | G48: 0.015 | I48: =(G48*I29) -> 24.61125
A49: C | B49: SENAI ou SENAC | G49: 0.01 | I49: =(G49*I29) -> 16.4075
A50: D | B50: INCRA | G50: 0.002 | I50: =(G50*I29) -> 3.2815
A51: E | B51: Salário Educação | G51: 0.025 | I51: =(G51*I29) -> 41.01875
A52: F | B52: FGTS | G52: 0.08 | I52: =(G52*I29) -> 131.26
A53: G | B53: Riscos Ambientais do Trabalho – RAT x FAP | G53: 0.03 | I53: =(G53*I29) -> 49.2225
A54: H | B54: SEBRAE | G54: 0.006 | I54: =(G54*I29) -> 9.8445
A55: TOTAL | G55: =SUM(G47:H54) -> 0.368 | I55: =SUM(I47:J54) -> 603.796
A56: Submódulo 4.2 – 13º Salário e Adicional de Férias
A57: 4.2 | B57: 13º Salário e Adicional de Férias | I57: Valor (R$)
A58: A | B58: 13 º Salário | G58: 0.0833 | I58: =(G58*I29) -> 136.67448
A59: B | B59: Adicional de Férias | G59: 0.0278 | I59: =(G59*I29) -> 45.61285
A60: TOTAL | G60: =SUM(G58:H59) -> 0.1111 | I60: =SUM(I58:J59) -> 182.28733
A61: Submódulo 4.3 - Provisão para Rescisão
A62: 4.3 | B62: Provisão para Rescisão | I62: Valor (R$)
A63: A | B63: Aviso prévio indenizado | G63: 0.0042 | I63: =(G63*I29) -> 6.89115
A64: B | B64: Incidência do FGTS sobre aviso prévio indenizado | G64: 0.0003 | I64: =(G64*I29) -> 0.492225
A65: C | B65: Multa do FGTS do aviso prévio indenizado | G65: 0.0344 | I65: =(G65*I29) -> 56.4418
A66: D | B66: Aviso prévio trabalhado | G66: ='[2]REVISOR DE TEXTO'!G77 -> 0.0194 | I66: =(G66*I29) -> 31.83055
A67: E | B67: Incidência do submódulo 4.1 sobre aviso prévio trabalhado | G67: ='[2]REVISOR DE TEXTO'!G78 -> 0.00717412 | I67: =(G67*I29) -> 11.770937
A68: F | B68: Multa do FGTS do aviso prévio trabalhado | G68: 0.0006 | I68: =(G68*I29) -> 0.98445
A69: TOTAL | G69: =SUM(G63:H68) -> 0.06607412 | I69: =SUM(I63:J68) -> 108.41111
A70: Submódulo 4.4 – Custo de Reposição do Profissional Ausente
A71: 4.4 | B71: Composição do Custo de Reposição do Profissional Ausente | I71: Valor (R$)
A72: A | B72: Férias | G72: 0.0833 | I72: =(G72*I29) -> 136.67448
A73: B | B73: Ausência por doença | G73: 0.0139 | I73: =(G73*I29) -> 22.806425
A74: C | B74: Licença maternidade | G74: 0.0029 | I74: =(G74*I29) -> 4.758175
A75: D | B75: Licença paternidade | G75: ='[2]REVISOR DE TEXTO'!G85 -> 0.0002 | I75: =(G75*I29) -> 0.32815
A76: E | B76: Ausências legais | G76: 0.0028 | I76: =(G76*I29) -> 4.5941
A77: F | B77: Ausência por Acidente de trabalho | G77: 0.0007 | I77: =(G77*I29) -> 1.148525
A78: Subtotal antes da incidência de proprocional de férias, 1/3 e 13º s/custo de reposição | G78: =SUM(G72:G77) -> 0.1038 | I78: =SUM(I72:J77) -> 170.30985
A79: G | B79: Proporcional de Férias, 1/3 e 13º sobre custo de reposição (exceto licença maternidade) | G79: 0.0196 | I79: =(G79*I29) -> 32.1587
A80: Subtotal antes da incidência do modulo 4.1 | G80: =G78+G79 -> 0.1234 | I80: =SUM(I78:J79) -> 202.46855
A81: H | B81: Incidência do submódulo 4.1 sobre o Custo de reposição | G81: 0.0454 | I81: =(G81*I29) -> 74.49005
A82: TOTAL | G82: =G80+G81 -> 0.1688 | I82: =I80+I81 -> 276.9586
A83: QUADRO - RESUMO - MÓDULO 4 - ENCARGOS SOCIAIS E TRABALHISTAS
A84: 4 | B84: Módulo 4 - Encargos sociais e trabalhistas | I84: Valor (R$)
A85: 4.1 | B85: Encargos previdenciários e FGTS | G85: =G55 -> 0.368 | I85: =I55 -> 603.796
A86: 4.2 | B86: 13 º salário + Adicional de férias | G86: =G60 -> 0.1111 | I86: =(I60) -> 182.28733
A87: 4.3 | B87: Custo de rescisão | G87: =G69 -> 0.06607412 | I87: =I69 -> 108.41111
A88: 4.4 | B88: Custo de reposição do profissional ausente | G88: =G82 -> 0.1688 | I88: =I82 -> 276.9586
A89: TOTAL | G89: =SUM(G85:H88) -> 0.71397412 | I89: =SUM(I85:J88) -> 1171.453
A90: MÓDULO 5 - CUSTOS INDIRETOS, TRIBUTOS E LUCRO
A91: 5 | B91: Custos Indiretos, Tributos e Lucro | G91: % | I91: Valor (R$)
A92: A | B92: Custos Indiretos | G92: 0.05 | I92: =(I106*G92) -> 259.85489
A93: B | B93: Tributos
B94: B.1 Tributos Federais (PIS) | G94: 0.0165 | I94: =K95*G94 -> 111.59853 | K94: =(100%-SUM(G94:H96))/100 -> 0.008875
B95: B.2 Tributos Federais (COFINS) | G95: 0.076 | I95: =K95*G95 -> 514.02958 | K95: =(I106+I92+I98)/(100%-SUM(G94:H96))/100*100 -> 6763.5471
B96: B.3 Tributos Municipais (ISS) | G96: 0.02 | I96: =K95*G96 -> 135.27094
B97: B.4 Outros tributos (especificar)
A98: C | B98: Lucro | G98: 0.1 | I98: =SUM(I106+I92)*G98 -> 545.69528
A99: TOTAL | G99: =SUM(G92:H98) -> 0.2625 | I99: =SUM(I98+I97+I96+I95+I94+I92) -> 1566.4492
A100: Anexo III – B - Quadro-resumo do Custo por Empregado
B101: Mão-de-obra vinculada à execução contratual (valor por empregado) | I101: Valor (R$)
...

Sheet Aux. Serv. G  Aracati
A1: AO
A2: SERVIÇO DE APOIO AS MICRO E PEQUENAS EMPRESAS DO ESTADO DO CEARÁ - SEBRAE/CE
A4: PLANILHA DE CUSTOS E FORMAÇÃO DE PREÇOS POR EMPREGADO
A5: Discriminação dos Serviços (dados referentes à contratação)
A6: A | B6: Data de apresentação da proposta (dia/mês/ano) | G6: ='Aux. Serv. G - Sede Fortaleza'!G6 -> 46090
A7: B | B7: Município/UF | G7: Aracati
A8: C | B8: Ano Acordo, Convenção ou Sentença Normativa em Dissídio Coletivo | G8: SEACEC
A9: D | B9: Nº de meses de execução contratual | G9: 24
A10: Identificação do Serviço
A11: Tipo de Serviço | D11: Unidade de Medida | G11: Quantidade total a contratar (em função da unidade de medida)
A12: Contratação de empresa especializada de mão de obra, para o cargo de Auxiliar de Serviços Gerais (Limpeza) | D12: POSTO | G12: 1
A13: Anexo III-A – Mão-de-obra
A14: Mão-de-obra vinculada à execução contratual
A15: Dados complementares para composição dos custos referente à mão-de-obra
A16: 1 | B16: Tipo de serviço (mesmo serviço com características distintas) | I16: AUX. DE SERVIÇOS GERAIS (LIMPEZA)
A17: 2 | B17: Salário Normativo da Categoria Profissional | I17: ='Aux. Serv. G - Sede Fortaleza'!I17 -> 1640.75
A18: 3 | B18: Categoria profissional (vinculada à execução contratual) | I18: =I16 -> AUX. DE SERVIÇOS GERAIS (LIMPEZA)
A19: 4 | B19: Data base da categoria (dia/mês/ano) | I19: ='Aux. Serv. G - Sede Fortaleza'!I19 -> 46023
A20: MÓDULO 1 : COMPOSIÇÃO DA REMUNERAÇÃO
A21: 1 | B21: Composição da Remuneração | I21: Valor (R$)
A22: A | B22: Salário Base | I22: =I17 -> 1640.75
A23: B | B23: Adicional de periculosidade
A24: C | B24: Adicional de insalubridade
A25: D | B25: Adicional noturno
A26: E | B26: Hora noturna adicional
A27: F | B27: Adicional de Hora Extra
A28: G | B28: Intervalo Intrajornada
A29: Total da Remuneração | I29: =SUM(I22:J28) -> 1640.75
A30: MÓDULO 2: BENEFÍCIOS MENSAIS E DIÁRIOS
A31: 2 | B31: Benefícios Mensais e Diários | I31: Valor (R$)
A32: A | B32: Transporte (5,40*2*52 dias trabalhados) - 6% de desconto sobre o salário base (Cláusula Décima Sexta) | I32: =ROUND((5.4*52)-(I29*6%),2) -> 182.36 | K32: =I29*6% -> 98.445
A33: B | B33: Auxílio-Refeição/Alimentação (R$ 28,80*22 dias) - 1% de desconto (Cláusula Décima Quinta CCT) | I33: =ROUND((28.8*22)-(28.8*22)*1%,2) -> 627.26 | K33: ='Supervisor Limpeza'!K33 -> R$ 633,60*1% = 6,33
A34: C | B34: Plano de Saúde (Cláusula Décima Setima da CCT) | I34: ='Supervisor Limpeza'!I34 -> 73.78
A35: D | B35: =[1]Encarregado!$B$38 -> Seguro de vida, invalidez e funeral (Cláusula Décima Oitava da CCT) | I35: =(I29*3)/12 -> 410.1875 | K35: R$ 1.640,75*3 = 4.922,25/12 = 410,19 (valor mensal)
A36: E | B36: Cesta Básica (Cláusula Décima Quarta da CCT) | I36: ='Supervisor Limpeza'!I36 -> 110.52
A37: F | B37: Auxilio Creche (Cláusula Décima Nona da CCT) | I37: ='Supervisor Limpeza'!I37 -> 134.905 | K37: R$ 269,81*6 = 1.618,86/12 = 134,91 (valor mensal)
A38: Total de Benefícios mensais e diários | I38: =SUM(I32:J37) -> 1539.0125
A39: MÓDULO 3: INSUMOS DIVERSOS
A40: 3 | B40: Insumos Diversos | I40: Valor (R$)
A41: A | B41: Uniformes | I41: =Insumos!K5 -> 76.2225
A42: B | B42: EPI | I42: =Insumos!K6 -> 68.035
A43: C | B43: Equipamento de registro de ponto | I43: =Insumos!K7 -> 701.62483
A44: Total de Insumos diversos | I44: =SUM(I41:J43) -> 845.88233
A45: MÓDULO 4: ENCARGOS SOCIAIS E TRABALHISTAS
A46: 4.1 | B46: Encargos previdenciários e FGTS | G46: % | I46: Valor (R$)
A47: A | B47: INSS | G47: 0.2 | I47: =(G47*I29) -> 328.15
A48: B | B48: SESI ou SESC | G48: 0.015 | I48: =(G48*I29) -> 24.61125
A49: C | B49: SENAI ou SENAC | G49: 0.01 | I49: =(G49*I29) -> 16.4075
A50: D | B50: INCRA | G50: 0.002 | I50: =(G50*I29) -> 3.2815
A51: E | B51: Salário Educação | G51: 0.025 | I51: =(G51*I29) -> 41.01875
A52: F | B52: FGTS | G52: 0.08 | I52: =(G52*I29) -> 131.26
A53: G | B53: Riscos Ambientais do Trabalho – RAT x FAP | G53: 0.03 | I53: =(G53*I29) -> 49.2225
A54: H | B54: SEBRAE | G54: 0.006 | I54: =(G54*I29) -> 9.8445
A55: TOTAL | G55: =SUM(G47:H54) -> 0.368 | I55: =SUM(I47:J54) -> 603.796
A56: Submódulo 4.2 – 13º Salário e Adicional de Férias
A57: 4.2 | B57: 13º Salário e Adicional de Férias | I57: Valor (R$)
A58: A | B58: 13 º Salário | G58: 0.0833 | I58: =(G58*I29) -> 136.67448
A59: B | B59: Adicional de Férias | G59: 0.0278 | I59: =(G59*I29) -> 45.61285
A60: TOTAL | G60: =SUM(G58:H59) -> 0.1111 | I60: =SUM(I58:J59) -> 182.28733
A61: Submódulo 4.3 - Provisão para Rescisão
A62: 4.3 | B62: Provisão para Rescisão | I62: Valor (R$)
A63: A | B63: Aviso prévio indenizado | G63: 0.0042 | I63: =(G63*I29) -> 6.89115
A64: B | B64: Incidência do FGTS sobre aviso prévio indenizado | G64: 0.0003 | I64: =(G64*I29) -> 0.492225
A65: C | B65: Multa do FGTS do aviso prévio indenizado | G65: 0.0344 | I65: =(G65*I29) -> 56.4418
A66: D | B66: Aviso prévio trabalhado | G66: ='[2]REVISOR DE TEXTO'!G77 -> 0.0194 | I66: =(G66*I29) -> 31.83055
A67: E | B67: Incidência do submódulo 4.1 sobre aviso prévio trabalhado | G67: ='[2]REVISOR DE TEXTO'!G78 -> 0.00717412 | I67: =(G67*I29) -> 11.770937
A68: F | B68: Multa do FGTS do aviso prévio trabalhado | G68: 0.0006 | I68: =(G68*I29) -> 0.98445
A69: TOTAL | G69: =SUM(G63:H68) -> 0.06607412 | I69: =SUM(I63:J68) -> 108.41111
A70: Submódulo 4.4 – Custo de Reposição do Profissional Ausente
A71: 4.4 | B71: Composição do Custo de Reposição do Profissional Ausente | I71: Valor (R$)
A72: A | B72: Férias | G72: 0.0833 | I72: =(G72*I29) -> 136.67448
A73: B | B73: Ausência por doença | G73: 0.0139 | I73: =(G73*I29) -> 22.806425
A74: C | B74: Licença maternidade | G74: 0.0029 | I74: =(G74*I29) -> 4.758175
A75: D | B75: Licença paternidade | G75: ='[2]REVISOR DE TEXTO'!G85 -> 0.0002 | I75: =(G75*I29) -> 0.32815
A76: E | B76: Ausências legais | G76: 0.0028 | I76: =(G76*I29) -> 4.5941
A77: F | B77: Ausência por Acidente de trabalho | G77: 0.0007 | I77: =(G77*I29) -> 1.148525
A78: Subtotal antes da incidência de proprocional de férias, 1/3 e 13º s/custo de reposição | G78: =SUM(G72:G77) -> 0.1038 | I78: =SUM(I72:J77) -> 170.30985
A79: G | B79: Proporcional de Férias, 1/3 e 13º sobre custo de reposição (exceto licença maternidade) | G79: 0.0196 | I79: =(G79*I29) -> 32.1587
A80: Subtotal antes da incidência do modulo 4.1 | G80: =G78+G79 -> 0.1234 | I80: =SUM(I78:J79) -> 202.46855
A81: H | B81: Incidência do submódulo 4.1 sobre o Custo de reposição | G81: 0.0454 | I81: =(G81*I29) -> 74.49005
A82: TOTAL | G82: =G80+G81 -> 0.1688 | I82: =I80+I81 -> 276.9586
A83: QUADRO - RESUMO - MÓDULO 4 - ENCARGOS SOCIAIS E TRABALHISTAS
A84: 4 | B84: Módulo 4 - Encargos sociais e trabalhistas | I84: Valor (R$)
A85: 4.1 | B85: Encargos previdenciários e FGTS | G85: =G55 -> 0.368 | I85: =I55 -> 603.796
A86: 4.2 | B86: 13 º salário + Adicional de férias | G86: =G60 -> 0.1111 | I86: =(I60) -> 182.28733
A87: 4.3 | B87: Custo de rescisão | G87: =G69 -> 0.06607412 | I87: =I69 -> 108.41111
A88: 4.4 | B88: Custo de reposição do profissional ausente | G88: =G82 -> 0.1688 | I88: =I82 -> 276.9586
A89: TOTAL | G89: =SUM(G85:H88) -> 0.71397412 | I89: =SUM(I85:J88) -> 1171.453
A90: MÓDULO 5 - CUSTOS INDIRETOS, TRIBUTOS E LUCRO
A91: 5 | B91: Custos Indiretos, Tributos e Lucro | G91: % | I91: Valor (R$)
A92: A | B92: Custos Indiretos | G92: 0.05 | I92: =(I106*G92) -> 259.85489
A93: B | B93: Tributos
B94: B.1 Tributos Federais (PIS) | G94: 0.0165 | I94: =K95*G94 -> 115.50285 | K94: =(100%-SUM(G94:H96))/100 -> 0.008575
B95: B.2 Tributos Federais (COFINS) | G95: 0.076 | I95: =K95*G95 -> 532.01312 | K95: =(I106+I92+I98)/(100%-SUM(G94:H96))/100*100 -> 7000.1726
B96: B.3 Tributos Municipais (ISS) | G96: 0.05 | I96: =K95*G96 -> 350.00863
B97: B.4 Outros tributos (especificar)
A98: C | B98: Lucro | G98: 0.1 | I98: =SUM(I106+I92)*G98 -> 545.69528
A99: TOTAL | G99: =SUM(G92:H98) -> 0.2925 | I99: =SUM(I98+I97+I96+I95+I94+I92) -> 1803.0748
A100: Anexo III – B - Quadro-resumo do Custo por Empregado
B101: Mão-de-obra vinculada à execução contratual (valor por empregado) | I101: Valor (R$)
...

Sheet Aux. Serv. G  Baturité
A1: AO
A2: SERVIÇO DE APOIO AS MICRO E PEQUENAS EMPRESAS DO ESTADO DO CEARÁ - SEBRAE/CE
A4: PLANILHA DE CUSTOS E FORMAÇÃO DE PREÇOS POR EMPREGADO
A5: Discriminação dos Serviços (dados referentes à contratação)
A6: A | B6: Data de apresentação da proposta (dia/mês/ano) | G6: ='Aux. Serv. G Aracati'!G6 -> 46090
A7: B | B7: Município/UF | G7: Baturité
A8: C | B8: Ano Acordo, Convenção ou Sentença Normativa em Dissídio Coletivo | G8: SEACEC
A9: D | B9: Nº de meses de execução contratual | G9: 24
A10: Identificação do Serviço
A11: Tipo de Serviço | D11: Unidade de Medida | G11: Quantidade total a contratar (em função da unidade de medida)
A12: Contratação de empresa especializada de mão de obra, para o cargo de Auxiliar de Serviços Gerais (Limpeza) | D12: POSTO | G12: 1
A13: Anexo III-A – Mão-de-obra
A14: Mão-de-obra vinculada à execução contratual
A15: Dados complementares para composição dos custos referente à mão-de-obra
A16: 1 | B16: Tipo de serviço (mesmo serviço com características distintas) | I16: AUX. DE SERVIÇOS GERAIS (LIMPEZA)
A17: 2 | B17: Salário Normativo da Categoria Profissional | I17: ='Aux. Serv. G Aracati'!I17 -> 1640.75
A18: 3 | B18: Categoria profissional (vinculada à execução contratual) | I18: =I16 -> AUX. DE SERVIÇOS GERAIS (LIMPEZA)
A19: 4 | B19: Data base da categoria (dia/mês/ano) | I19: ='Aux. Serv. G Aracati'!I19 -> 46023
A20: MÓDULO 1 : COMPOSIÇÃO DA REMUNERAÇÃO
A21: 1 | B21: Composição da Remuneração | I21: Valor (R$)
A22: A | B22: Salário Base | I22: =I17 -> 1640.75
A23: B | B23: Adicional de periculosidade
A24: C | B24: Adicional de insalubridade
A25: D | B25: Adicional noturno
A26: E | B26: Hora noturna adicional
A27: F | B27: Adicional de Hora Extra
A28: G | B28: Intervalo Intrajornada
A29: Total da Remuneração | I29: =SUM(I22:J28) -> 1640.75
A30: MÓDULO 2: BENEFÍCIOS MENSAIS E DIÁRIOS
A31: 2 | B31: Benefícios Mensais e Diários | I31: Valor (R$)
A32: A | B32: Transporte (5,40*2*52 dias trabalhados) - 6% de desconto sobre o salário base (Cláusula Décima Sexta) | I32: =ROUND((5.4*52)-(I29*6%),2) -> 182.36 | K32: =I29*6% -> 98.445
A33: B | B33: Auxílio-Refeição/Alimentação (R$ 28,80*22 dias) - 1% de desconto (Cláusula Décima Quinta CCT) | I33: =ROUND((28.8*22)-(28.8*22)*1%,2) -> 627.26 | K33: ='Supervisor Limpeza'!K33 -> R$ 633,60*1% = 6,33
A34: C | B34: Plano de Saúde (Cláusula Décima Setima da CCT) | I34: ='Supervisor Limpeza'!I34 -> 73.78
A35: D | B35: =[1]Encarregado!$B$38 -> Seguro de vida, invalidez e funeral (Cláusula Décima Oitava da CCT) | I35: =(I29*3)/12 -> 410.1875 | K35: R$ 1.640,75*3 = 4.922,25/12 = 410,19 (valor mensal)
A36: E | B36: Cesta Básica (Cláusula Décima Quarta da CCT) | I36: ='Supervisor Limpeza'!I36 -> 110.52
A37: F | B37: Auxilio Creche (Cláusula Décima Nona da CCT) | I37: ='Supervisor Limpeza'!I37 -> 134.905 | K37: R$ 269,81*6 = 1.618,86/12 = 134,91 (valor mensal)
A38: Total de Benefícios mensais e diários | I38: =SUM(I32:J37) -> 1539.0125
A39: MÓDULO 3: INSUMOS DIVERSOS
A40: 3 | B40: Insumos Diversos | I40: Valor (R$)
A41: A | B41: Uniformes | I41: =Insumos!K5 -> 76.2225
A42: B | B42: EPI | I42: =Insumos!K6 -> 68.035
A43: C | B43: Equipamento de registro de ponto | I43: =Insumos!K7 -> 701.62483
A44: Total de Insumos diversos | I44: =SUM(I41:J43) -> 845.88233
A45: MÓDULO 4: ENCARGOS SOCIAIS E TRABALHISTAS
A46: 4.1 | B46: Encargos previdenciários e FGTS | G46: % | I46: Valor (R$)
A47: A | B47: INSS | G47: 0.2 | I47: =(G47*I29) -> 328.15
A48: B | B48: SESI ou SESC | G48: 0.015 | I48: =(G48*I29) -> 24.61125
A49: C | B49: SENAI ou SENAC | G49: 0.01 | I49: =(G49*I29) -> 16.4075
A50: D | B50: INCRA | G50: 0.002 | I50: =(G50*I29) -> 3.2815
A51: E | B51: Salário Educação | G51: 0.025 | I51: =(G51*I29) -> 41.01875
A52: F | B52: FGTS | G52: 0.08 | I52: =(G52*I29) -> 131.26
A53: G | B53: Riscos Ambientais do Trabalho – RAT x FAP | G53: 0.03 | I53: =(G53*I29) -> 49.2225
A54: H | B54: SEBRAE | G54: 0.006 | I54: =(G54*I29) -> 9.8445
A55: TOTAL | G55: =SUM(G47:H54) -> 0.368 | I55: =SUM(I47:J54) -> 603.796
A56: Submódulo 4.2 – 13º Salário e Adicional de Férias
A57: 4.2 | B57: 13º Salário e Adicional de Férias | I57: Valor (R$)
A58: A | B58: 13 º Salário | G58: 0.0833 | I58: =(G58*I29) -> 136.67448
A59: B | B59: Adicional de Férias | G59: 0.0278 | I59: =(G59*I29) -> 45.61285
A60: TOTAL | G60: =SUM(G58:H59) -> 0.1111 | I60: =SUM(I58:J59) -> 182.28733
A61: Submódulo 4.3 - Provisão para Rescisão
A62: 4.3 | B62: Provisão para Rescisão | I62: Valor (R$)
A63: A | B63: Aviso prévio indenizado | G63: 0.0042 | I63: =(G63*I29) -> 6.89115
A64: B | B64: Incidência do FGTS sobre aviso prévio indenizado | G64: 0.0003 | I64: =(G64*I29) -> 0.492225
A65: C | B65: Multa do FGTS do aviso prévio indenizado | G65: 0.0344 | I65: =(G65*I29) -> 56.4418
A66: D | B66: Aviso prévio trabalhado | G66: ='[2]REVISOR DE TEXTO'!G77 -> 0.0194 | I66: =(G66*I29) -> 31.83055
A67: E | B67: Incidência do submódulo 4.1 sobre aviso prévio trabalhado | G67: ='[2]REVISOR DE TEXTO'!G78 -> 0.00717412 | I67: =(G67*I29) -> 11.770937
A68: F | B68: Multa do FGTS do aviso prévio trabalhado | G68: 0.0006 | I68: =(G68*I29) -> 0.98445
A69: TOTAL | G69: =SUM(G63:H68) -> 0.06607412 | I69: =SUM(I63:J68) -> 108.41111
A70: Submódulo 4.4 – Custo de Reposição do Profissional Ausente
A71: 4.4 | B71: Composição do Custo de Reposição do Profissional Ausente | I71: Valor (R$)
A72: A | B72: Férias | G72: 0.0833 | I72: =(G72*I29) -> 136.67448
A73: B | B73: Ausência por doença | G73: 0.0139 | I73: =(G73*I29) -> 22.806425
A74: C | B74: Licença maternidade | G74: 0.0029 | I74: =(G74*I29) -> 4.758175
A75: D | B75: Licença paternidade | G75: ='[2]REVISOR DE TEXTO'!G85 -> 0.0002 | I75: =(G75*I29) -> 0.32815
A76: E | B76: Ausências legais | G76: 0.0028 | I76: =(G76*I29) -> 4.5941
A77: F | B77: Ausência por Acidente de trabalho | G77: 0.0007 | I77: =(G77*I29) -> 1.148525
A78: Subtotal antes da incidência de proprocional de férias, 1/3 e 13º s/custo de reposição | G78: =SUM(G72:G77) -> 0.1038 | I78: =SUM(I72:J77) -> 170.30985
A79: G | B79: Proporcional de Férias, 1/3 e 13º sobre custo de reposição (exceto licença maternidade) | G79: 0.0196 | I79: =(G79*I29) -> 32.1587
A80: Subtotal antes da incidência do modulo 4.1 | G80: =G78+G79 -> 0.1234 | I80: =SUM(I78:J79) -> 202.46855
A81: H | B81: Incidência do submódulo 4.1 sobre o Custo de reposição | G81: 0.0454 | I81: =(G81*I29) -> 74.49005
A82: TOTAL | G82: =G80+G81 -> 0.1688 | I82: =I80+I81 -> 276.9586
A83: QUADRO - RESUMO - MÓDULO 4 - ENCARGOS SOCIAIS E TRABALHISTAS
A84: 4 | B84: Módulo 4 - Encargos sociais e trabalhistas | I84: Valor (R$)
A85: 4.1 | B85: Encargos previdenciários e FGTS | G85: =G55 -> 0.368 | I85: =I55 -> 603.796
A86: 4.2 | B86: 13 º salário + Adicional de férias | G86: =G60 -> 0.1111 | I86: =(I60) -> 182.28733
A87: 4.3 | B87: Custo de rescisão | G87: =G69 -> 0.06607412 | I87: =I69 -> 108.41111
A88: 4.4 | B88: Custo de reposição do profissional ausente | G88: =G82 -> 0.1688 | I88: =I82 -> 276.9586
A89: TOTAL | G89: =SUM(G85:H88) -> 0.71397412 | I89: =SUM(I85:J88) -> 1171.453
A90: MÓDULO 5 - CUSTOS INDIRETOS, TRIBUTOS E LUCRO
A91: 5 | B91: Custos Indiretos, Tributos e Lucro | G91: % | I91: Valor (R$)
A92: A | B92: Custos Indiretos | G92: 0.05 | I92: =(I106*G92) -> 259.85489
A93: B | B93: Tributos
B94: B.1 Tributos Federais (PIS) | G94: 0.0165 | I94: =K95*G94 -> 115.50285 | K94: =(100%-SUM(G94:H96))/100 -> 0.008575
B95: B.2 Tributos Federais (COFINS) | G95: 0.076 | I95: =K95*G95 -> 532.01312 | K95: =(I106+I92+I98)/(100%-SUM(G94:H96))/100*100 -> 7000.1726
B96: B.3 Tributos Municipais (ISS) | G96: 0.05 | I96: =K95*G96 -> 350.00863
B97: B.4 Outros tributos (especificar)
A98: C | B98: Lucro | G98: 0.1 | I98: =SUM(I106+I92)*G98 -> 545.69528
A99: TOTAL | G99: =SUM(G92:H98) -> 0.2925 | I99: =SUM(I98+I97+I96+I95+I94+I92) -> 1803.0748
A100: Anexo III – B - Quadro-resumo do Custo por Empregado
B101: Mão-de-obra vinculada à execução contratual (valor por empregado) | I101: Valor (R$)
...

Sheet Aux. Serv. G  Sobral
A1: AO
A2: SERVIÇO DE APOIO AS MICRO E PEQUENAS EMPRESAS DO ESTADO DO CEARÁ - SEBRAE/CE
A4: PLANILHA DE CUSTOS E FORMAÇÃO DE PREÇOS POR EMPREGADO
A5: Discriminação dos Serviços (dados referentes à contratação)
A6: A | B6: Data de apresentação da proposta (dia/mês/ano) | G6: ='Aux. Serv. G Quixeramobim'!G6 -> 46090
A7: B | B7: Município/UF | G7: Sobral
A8: C | B8: Ano Acordo, Convenção ou Sentença Normativa em Dissídio Coletivo | G8: SEACEC
A9: D | B9: Nº de meses de execução contratual | G9: 24
A10: Identificação do Serviço
A11: Tipo de Serviço | D11: Unidade de Medida | G11: Quantidade total a contratar (em função da unidade de medida)
A12: Contratação de empresa especializada de mão de obra, para o cargo de Auxiliar de Serviços Gerais (Limpeza) | D12: POSTO | G12: 1
A13: Anexo III-A – Mão-de-obra
A14: Mão-de-obra vinculada à execução contratual
A15: Dados complementares para composição dos custos referente à mão-de-obra
A16: 1 | B16: Tipo de serviço (mesmo serviço com características distintas) | I16: AUX. DE SERVIÇOS GERAIS (LIMPEZA)
A17: 2 | B17: Salário Normativo da Categoria Profissional | I17: ='Aux. Serv. G Quixeramobim'!I17 -> 1640.75
A18: 3 | B18: Categoria profissional (vinculada à execução contratual) | I18: =I16 -> AUX. DE SERVIÇOS GERAIS (LIMPEZA)
A19: 4 | B19: Data base da categoria (dia/mês/ano) | I19: ='Aux. Serv. G Quixeramobim'!I19 -> 46023
A20: MÓDULO 1 : COMPOSIÇÃO DA REMUNERAÇÃO
A21: 1 | B21: Composição da Remuneração | I21: Valor (R$)
A22: A | B22: Salário Base | I22: =I17 -> 1640.75
A23: B | B23: Adicional de periculosidade
A24: C | B24: Adicional de insalubridade
A25: D | B25: Adicional noturno
A26: E | B26: Hora noturna adicional
A27: F | B27: Adicional de Hora Extra
A28: G | B28: Intervalo Intrajornada
A29: Total da Remuneração | I29: =SUM(I22:J28) -> 1640.75
A30: MÓDULO 2: BENEFÍCIOS MENSAIS E DIÁRIOS
A31: 2 | B31: Benefícios Mensais e Diários | I31: Valor (R$)
A32: A | B32: Transporte (5,40*2*52 dias trabalhados) - 6% de desconto sobre o salário base (Cláusula Décima Sexta) | I32: =ROUND((5.4*52)-(I29*6%),2) -> 182.36 | K32: =I29*6% -> 98.445
A33: B | B33: Auxílio-Refeição/Alimentação (R$ 28,80*22 dias) - 1% de desconto (Cláusula Décima Quinta CCT) | I33: =ROUND((28.8*22)-(28.8*22)*1%,2) -> 627.26 | K33: ='Supervisor Limpeza'!K33 -> R$ 633,60*1% = 6,33
A34: C | B34: Plano de Saúde (Cláusula Décima Setima da CCT) | I34: ='Supervisor Limpeza'!I34 -> 73.78
A35: D | B35: =[1]Encarregado!$B$38 -> Seguro de vida, invalidez e funeral (Cláusula Décima Oitava da CCT) | I35: =(I29*3)/12 -> 410.1875 | K35: R$ 1.640,75*3 = 4.922,25/12 = 410,19 (valor mensal)
A36: E | B36: Cesta Básica (Cláusula Décima Quarta da CCT) | I36: ='Supervisor Limpeza'!I36 -> 110.52
A37: F | B37: Auxilio Creche (Cláusula Décima Nona da CCT) | I37: ='Supervisor Limpeza'!I37 -> 134.905 | K37: R$ 269,81*6 = 1.618,86/12 = 134,91 (valor mensal)
A38: Total de Benefícios mensais e diários | I38: =SUM(I32:J37) -> 1539.0125
A39: MÓDULO 3: INSUMOS DIVERSOS
A40: 3 | B40: Insumos Diversos | I40: Valor (R$)
A41: A | B41: Uniformes | I41: =Insumos!K5 -> 76.2225
A42: B | B42: EPI | I42: =Insumos!K6 -> 68.035
A43: C | B43: Equipamento de registro de ponto | I43: =Insumos!K7 -> 701.62483
A44: Total de Insumos diversos | I44: =SUM(I41:J43) -> 845.88233
A45: MÓDULO 4: ENCARGOS SOCIAIS E TRABALHISTAS
A46: 4.1 | B46: Encargos previdenciários e FGTS | G46: % | I46: Valor (R$)
A47: A | B47: INSS | G47: 0.2 | I47: =(G47*I29) -> 328.15
A48: B | B48: SESI ou SESC | G48: 0.015 | I48: =(G48*I29) -> 24.61125
A49: C | B49: SENAI ou SENAC | G49: 0.01 | I49: =(G49*I29) -> 16.4075
A50: D | B50: INCRA | G50: 0.002 | I50: =(G50*I29) -> 3.2815
A51: E | B51: Salário Educação | G51: 0.025 | I51: =(G51*I29) -> 41.01875
A52: F | B52: FGTS | G52: 0.08 | I52: =(G52*I29) -> 131.26
A53: G | B53: Riscos Ambientais do Trabalho – RAT x FAP | G53: 0.03 | I53: =(G53*I29) -> 49.2225
A54: H | B54: SEBRAE | G54: 0.006 | I54: =(G54*I29) -> 9.8445
A55: TOTAL | G55: =SUM(G47:H54) -> 0.368 | I55: =SUM(I47:J54) -> 603.796
A56: Submódulo 4.2 – 13º Salário e Adicional de Férias
A57: 4.2 | B57: 13º Salário e Adicional de Férias | I57: Valor (R$)
A58: A | B58: 13 º Salário | G58: 0.0833 | I58: =(G58*I29) -> 136.67448
A59: B | B59: Adicional de Férias | G59: 0.0278 | I59: =(G59*I29) -> 45.61285
A60: TOTAL | G60: =SUM(G58:H59) -> 0.1111 | I60: =SUM(I58:J59) -> 182.28733
A61: Submódulo 4.3 - Provisão para Rescisão
A62: 4.3 | B62: Provisão para Rescisão | I62: Valor (R$)
A63: A | B63: Aviso prévio indenizado | G63: 0.0042 | I63: =(G63*I29) -> 6.89115
A64: B | B64: Incidência do FGTS sobre aviso prévio indenizado | G64: 0.0003 | I64: =(G64*I29) -> 0.492225
A65: C | B65: Multa do FGTS do aviso prévio indenizado | G65: 0.0344 | I65: =(G65*I29) -> 56.4418
A66: D | B66: Aviso prévio trabalhado | G66: ='[2]REVISOR DE TEXTO'!G77 -> 0.0194 | I66: =(G66*I29) -> 31.83055
A67: E | B67: Incidência do submódulo 4.1 sobre aviso prévio trabalhado | G67: ='[2]REVISOR DE TEXTO'!G78 -> 0.00717412 | I67: =(G67*I29) -> 11.770937
A68: F | B68: Multa do FGTS do aviso prévio trabalhado | G68: 0.0006 | I68: =(G68*I29) -> 0.98445
A69: TOTAL | G69: =SUM(G63:H68) -> 0.06607412 | I69: =SUM(I63:J68) -> 108.41111
A70: Submódulo 4.4 – Custo de Reposição do Profissional Ausente
A71: 4.4 | B71: Composição do Custo de Reposição do Profissional Ausente | I71: Valor (R$)
A72: A | B72: Férias | G72: 0.0833 | I72: =(G72*I29) -> 136.67448
A73: B | B73: Ausência por doença | G73: 0.0139 | I73: =(G73*I29) -> 22.806425
A74: C | B74: Licença maternidade | G74: 0.0029 | I74: =(G74*I29) -> 4.758175
A75: D | B75: Licença paternidade | G75: ='[2]REVISOR DE TEXTO'!G85 -> 0.0002 | I75: =(G75*I29) -> 0.32815
A76: E | B76: Ausências legais | G76: 0.0028 | I76: =(G76*I29) -> 4.5941
A77: F | B77: Ausência por Acidente de trabalho | G77: 0.0007 | I77: =(G77*I29) -> 1.148525
A78: Subtotal antes da incidência de proprocional de férias, 1/3 e 13º s/custo de reposição | G78: =SUM(G72:G77) -> 0.1038 | I78: =SUM(I72:J77) -> 170.30985
A79: G | B79: Proporcional de Férias, 1/3 e 13º sobre custo de reposição (exceto licença maternidade) | G79: 0.0196 | I79: =(G79*I29) -> 32.1587
A80: Subtotal antes da incidência do modulo 4.1 | G80: =G78+G79 -> 0.1234 | I80: =SUM(I78:J79) -> 202.46855
A81: H | B81: Incidência do submódulo 4.1 sobre o Custo de reposição | G81: 0.0454 | I81: =(G81*I29) -> 74.49005
A82: TOTAL | G82: =G80+G81 -> 0.1688 | I82: =I80+I81 -> 276.9586
A83: QUADRO - RESUMO - MÓDULO 4 - ENCARGOS SOCIAIS E TRABALHISTAS
A84: 4 | B84: Módulo 4 - Encargos sociais e trabalhistas | I84: Valor (R$)
A85: 4.1 | B85: Encargos previdenciários e FGTS | G85: =G55 -> 0.368 | I85: =I55 -> 603.796
A86: 4.2 | B86: 13 º salário + Adicional de férias | G86: =G60 -> 0.1111 | I86: =(I60) -> 182.28733
A87: 4.3 | B87: Custo de rescisão | G87: =G69 -> 0.06607412 | I87: =I69 -> 108.41111
A88: 4.4 | B88: Custo de reposição do profissional ausente | G88: =G82 -> 0.1688 | I88: =I82 -> 276.9586
A89: TOTAL | G89: =SUM(G85:H88) -> 0.71397412 | I89: =SUM(I85:J88) -> 1171.453
A90: MÓDULO 5 - CUSTOS INDIRETOS, TRIBUTOS E LUCRO
A91: 5 | B91: Custos Indiretos, Tributos e Lucro | G91: % | I91: Valor (R$)
A92: A | B92: Custos Indiretos | G92: 0.05 | I92: =(I106*G92) -> 259.85489
A93: B | B93: Tributos
B94: B.1 Tributos Federais (PIS) | G94: 0.0165 | I94: =K95*G94 -> 111.59853 | K94: =(100%-SUM(G94:H96))/100 -> 0.008875
B95: B.2 Tributos Federais (COFINS) | G95: 0.076 | I95: =K95*G95 -> 514.02958 | K95: =(I106+I92+I98)/(100%-SUM(G94:H96))/100*100 -> 6763.5471
B96: B.3 Tributos Municipais (ISS) | G96: 0.02 | I96: =K95*G96 -> 135.27094
B97: B.4 Outros tributos (especificar)
A98: C | B98: Lucro | G98: 0.1 | I98: =SUM(I106+I92)*G98 -> 545.69528
A99: TOTAL | G99: =SUM(G92:H98) -> 0.2625 | I99: =SUM(I98+I97+I96+I95+I94+I92) -> 1566.4492
A100: Anexo III – B - Quadro-resumo do Custo por Empregado
B101: Mão-de-obra vinculada à execução contratual (valor por empregado) | I101: Valor (R$)
...

Sheet Aux. Serv. G Quixeramobim
A1: AO
A2: SERVIÇO DE APOIO AS MICRO E PEQUENAS EMPRESAS DO ESTADO DO CEARÁ - SEBRAE/CE
A4: PLANILHA DE CUSTOS E FORMAÇÃO DE PREÇOS POR EMPREGADO
A5: Discriminação dos Serviços (dados referentes à contratação)
A6: A | B6: Data de apresentação da proposta (dia/mês/ano) | G6: ='Aux. Serv. G Limoeiro'!G6 -> 46090
A7: B | B7: Município/UF | G7: Quixeramobim
A8: C | B8: Ano Acordo, Convenção ou Sentença Normativa em Dissídio Coletivo | G8: SEACEC
A9: D | B9: Nº de meses de execução contratual | G9: 24
A10: Identificação do Serviço
A11: Tipo de Serviço | D11: Unidade de Medida | G11: Quantidade total a contratar (em função da unidade de medida)
A12: Contratação de empresa especializada de mão de obra, para o cargo de Auxiliar de Serviços Gerais (Limpeza) | D12: POSTO | G12: 1
A13: Anexo III-A – Mão-de-obra
A14: Mão-de-obra vinculada à execução contratual
A15: Dados complementares para composição dos custos referente à mão-de-obra
A16: 1 | B16: Tipo de serviço (mesmo serviço com características distintas) | I16: AUX. DE SERVIÇOS GERAIS (LIMPEZA)
A17: 2 | B17: Salário Normativo da Categoria Profissional | I17: ='Aux. Serv. G Limoeiro'!I17 -> 1640.75
A18: 3 | B18: Categoria profissional (vinculada à execução contratual) | I18: =I16 -> AUX. DE SERVIÇOS GERAIS (LIMPEZA)
A19: 4 | B19: Data base da categoria (dia/mês/ano) | I19: ='Aux. Serv. G Limoeiro'!I19 -> 46023
A20: MÓDULO 1 : COMPOSIÇÃO DA REMUNERAÇÃO
A21: 1 | B21: Composição da Remuneração | I21: Valor (R$)
A22: A | B22: Salário Base | I22: =I17 -> 1640.75
A23: B | B23: Adicional de periculosidade
A24: C | B24: Adicional de insalubridade
A25: D | B25: Adicional noturno
A26: E | B26: Hora noturna adicional
A27: F | B27: Adicional de Hora Extra
A28: G | B28: Intervalo Intrajornada
A29: Total da Remuneração | I29: =SUM(I22:J28) -> 1640.75
A30: MÓDULO 2: BENEFÍCIOS MENSAIS E DIÁRIOS
A31: 2 | B31: Benefícios Mensais e Diários | I31: Valor (R$)
A32: A | B32: Transporte (5,40*2*52 dias trabalhados) - 6% de desconto sobre o salário base (Cláusula Décima Sexta) | I32: =ROUND((5.4*52)-(I29*6%),2) -> 182.36 | K32: =I29*6% -> 98.445
A33: B | B33: Auxílio-Refeição/Alimentação (R$ 28,80*22 dias) - 1% de desconto (Cláusula Décima Quinta CCT) | I33: =ROUND((28.8*22)-(28.8*22)*1%,2) -> 627.26 | K33: ='Supervisor Limpeza'!K33 -> R$ 633,60*1% = 6,33
A34: C | B34: Plano de Saúde (Cláusula Décima Setima da CCT) | I34: ='Supervisor Limpeza'!I34 -> 73.78
A35: D | B35: =[1]Encarregado!$B$38 -> Seguro de vida, invalidez e funeral (Cláusula Décima Oitava da CCT) | I35: =(I29*3)/12 -> 410.1875 | K35: R$ 1.640,75*3 = 4.922,25/12 = 410,19 (valor mensal)
A36: E | B36: Cesta Básica (Cláusula Décima Quarta da CCT) | I36: ='Supervisor Limpeza'!I36 -> 110.52
A37: F | B37: Auxilio Creche (Cláusula Décima Nona da CCT) | I37: ='Supervisor Limpeza'!I37 -> 134.905 | K37: R$ 269,81*6 = 1.618,86/12 = 134,91 (valor mensal)
A38: Total de Benefícios mensais e diários | I38: =SUM(I32:J37) -> 1539.0125
A39: MÓDULO 3: INSUMOS DIVERSOS
A40: 3 | B40: Insumos Diversos | I40: Valor (R$)
A41: A | B41: Uniformes | I41: =Insumos!K5 -> 76.2225
A42: B | B42: EPI | I42: =Insumos!K6 -> 68.035
A43: C | B43: Equipamento de registro de ponto | I43: =Insumos!K7 -> 701.62483
A44: Total de Insumos diversos | I44: =SUM(I41:J43) -> 845.88233
A45: MÓDULO 4: ENCARGOS SOCIAIS E TRABALHISTAS
A46: 4.1 | B46: Encargos previdenciários e FGTS | G46: % | I46: Valor (R$)
A47: A | B47: INSS | G47: 0.2 | I47: =(G47*I29) -> 328.15
A48: B | B48: SESI ou SESC | G48: 0.015 | I48: =(G48*I29) -> 24.61125
A49: C | B49: SENAI ou SENAC | G49: 0.01 | I49: =(G49*I29) -> 16.4075
A50: D | B50: INCRA | G50: 0.002 | I50: =(G50*I29) -> 3.2815
A51: E | B51: Salário Educação | G51: 0.025 | I51: =(G51*I29) -> 41.01875
A52: F | B52: FGTS | G52: 0.08 | I52: =(G52*I29) -> 131.26
A53: G | B53: Riscos Ambientais do Trabalho – RAT x FAP | G53: 0.03 | I53: =(G53*I29) -> 49.2225
A54: H | B54: SEBRAE | G54: 0.006 | I54: =(G54*I29) -> 9.8445
A55: TOTAL | G55: =SUM(G47:H54) -> 0.368 | I55: =SUM(I47:J54) -> 603.796
A56: Submódulo 4.2 – 13º Salário e Adicional de Férias
A57: 4.2 | B57: 13º Salário e Adicional de Férias | I57: Valor (R$)
A58: A | B58: 13 º Salário | G58: 0.0833 | I58: =(G58*I29) -> 136.67448
A59: B | B59: Adicional de Férias | G59: 0.0278 | I59: =(G59*I29) -> 45.61285
A60: TOTAL | G60: =SUM(G58:H59) -> 0.1111 | I60: =SUM(I58:J59) -> 182.28733
A61: Submódulo 4.3 - Provisão para Rescisão
A62: 4.3 | B62: Provisão para Rescisão | I62: Valor (R$)
A63: A | B63: Aviso prévio indenizado | G63: 0.0042 | I63: =(G63*I29) -> 6.89115
A64: B | B64: Incidência do FGTS sobre aviso prévio indenizado | G64: 0.0003 | I64: =(G64*I29) -> 0.492225
A65: C | B65: Multa do FGTS do aviso prévio indenizado | G65: 0.0344 | I65: =(G65*I29) -> 56.4418
A66: D | B66: Aviso prévio trabalhado | G66: ='[2]REVISOR DE TEXTO'!G77 -> 0.0194 | I66: =(G66*I29) -> 31.83055
A67: E | B67: Incidência do submódulo 4.1 sobre aviso prévio trabalhado | G67: ='[2]REVISOR DE TEXTO'!G78 -> 0.00717412 | I67: =(G67*I29) -> 11.770937
A68: F | B68: Multa do FGTS do aviso prévio trabalhado | G68: 0.0006 | I68: =(G68*I29) -> 0.98445
A69: TOTAL | G69: =SUM(G63:H68) -> 0.06607412 | I69: =SUM(I63:J68) -> 108.41111
A70: Submódulo 4.4 – Custo de Reposição do Profissional Ausente
A71: 4.4 | B71: Composição do Custo de Reposição do Profissional Ausente | I71: Valor (R$)
A72: A | B72: Férias | G72: 0.0833 | I72: =(G72*I29) -> 136.67448
A73: B | B73: Ausência por doença | G73: 0.0139 | I73: =(G73*I29) -> 22.806425
A74: C | B74: Licença maternidade | G74: 0.0029 | I74: =(G74*I29) -> 4.758175
A75: D | B75: Licença paternidade | G75: ='[2]REVISOR DE TEXTO'!G85 -> 0.0002 | I75: =(G75*I29) -> 0.32815
A76: E | B76: Ausências legais | G76: 0.0028 | I76: =(G76*I29) -> 4.5941
A77: F | B77: Ausência por Acidente de trabalho | G77: 0.0007 | I77: =(G77*I29) -> 1.148525
A78: Subtotal antes da incidência de proprocional de férias, 1/3 e 13º s/custo de reposição | G78: =SUM(G72:G77) -> 0.1038 | I78: =SUM(I72:J77) -> 170.30985
A79: G | B79: Proporcional de Férias, 1/3 e 13º sobre custo de reposição (exceto licença maternidade) | G79: 0.0196 | I79: =(G79*I29) -> 32.1587
A80: Subtotal antes da incidência do modulo 4.1 | G80: =G78+G79 -> 0.1234 | I80: =SUM(I78:J79) -> 202.46855
A81: H | B81: Incidência do submódulo 4.1 sobre o Custo de reposição | G81: 0.0454 | I81: =(G81*I29) -> 74.49005
A82: TOTAL | G82: =G80+G81 -> 0.1688 | I82: =I80+I81 -> 276.9586
A83: QUADRO - RESUMO - MÓDULO 4 - ENCARGOS SOCIAIS E TRABALHISTAS
A84: 4 | B84: Módulo 4 - Encargos sociais e trabalhistas | I84: Valor (R$)
A85: 4.1 | B85: Encargos previdenciários e FGTS | G85: =G55 -> 0.368 | I85: =I55 -> 603.796
A86: 4.2 | B86: 13 º salário + Adicional de férias | G86: =G60 -> 0.1111 | I86: =(I60) -> 182.28733
A87: 4.3 | B87: Custo de rescisão | G87: =G69 -> 0.06607412 | I87: =I69 -> 108.41111
A88: 4.4 | B88: Custo de reposição do profissional ausente | G88: =G82 -> 0.1688 | I88: =I82 -> 276.9586
A89: TOTAL | G89: =SUM(G85:H88) -> 0.71397412 | I89: =SUM(I85:J88) -> 1171.453
A90: MÓDULO 5 - CUSTOS INDIRETOS, TRIBUTOS E LUCRO
A91: 5 | B91: Custos Indiretos, Tributos e Lucro | G91: % | I91: Valor (R$)
A92: A | B92: Custos Indiretos | G92: 0.05 | I92: =(I106*G92) -> 259.85489
A93: B | B93: Tributos
B94: B.1 Tributos Federais (PIS) | G94: 0.0165 | I94: =K95*G94 -> 115.50285 | K94: =(100%-SUM(G94:H96))/100 -> 0.008575
B95: B.2 Tributos Federais (COFINS) | G95: 0.076 | I95: =K95*G95 -> 532.01312 | K95: =(I106+I92+I98)/(100%-SUM(G94:H96))/100*100 -> 7000.1726
B96: B.3 Tributos Municipais (ISS) | G96: 0.05 | I96: =K95*G96 -> 350.00863
B97: B.4 Outros tributos (especificar)
A98: C | B98: Lucro | G98: 0.1 | I98: =SUM(I106+I92)*G98 -> 545.69528
A99: TOTAL | G99: =SUM(G92:H98) -> 0.2925 | I99: =SUM(I98+I97+I96+I95+I94+I92) -> 1803.0748
A100: Anexo III – B - Quadro-resumo do Custo por Empregado
B101: Mão-de-obra vinculada à execução contratual (valor por empregado) | I101: Valor (R$)
...

Sheet Aux. Serv. G Tianguá
A1: AO
A2: SERVIÇO DE APOIO AS MICRO E PEQUENAS EMPRESAS DO ESTADO DO CEARÁ - SEBRAE/CE
A4: PLANILHA DE CUSTOS E FORMAÇÃO DE PREÇOS POR EMPREGADO
A5: Discriminação dos Serviços (dados referentes à contratação)
A6: A | B6: Data de apresentação da proposta (dia/mês/ano) | G6: ='Aux. Serv. G Tauá'!G6 -> 46090
A7: B | B7: Município/UF | G7: Tianguá
A8: C | B8: Ano Acordo, Convenção ou Sentença Normativa em Dissídio Coletivo | G8: SEACEC
A9: D | B9: Nº de meses de execução contratual | G9: 24
A10: Identificação do Serviço
A11: Tipo de Serviço | D11: Unidade de Medida | G11: Quantidade total a contratar (em função da unidade de medida)
A12: Contratação de empresa especializada de mão de obra, para o cargo de Auxiliar de Serviços Gerais (Limpeza) | D12: POSTO | G12: 1
A13: Anexo III-A – Mão-de-obra
A14: Mão-de-obra vinculada à execução contratual
A15: Dados complementares para composição dos custos referente à mão-de-obra
A16: 1 | B16: Tipo de serviço (mesmo serviço com características distintas) | I16: AUX. DE SERVIÇOS GERAIS (LIMPEZA)
A17: 2 | B17: Salário Normativo da Categoria Profissional | I17: ='Aux. Serv. G Tauá'!I17 -> 1640.75
A18: 3 | B18: Categoria profissional (vinculada à execução contratual) | I18: =I16 -> AUX. DE SERVIÇOS GERAIS (LIMPEZA)
A19: 4 | B19: Data base da categoria (dia/mês/ano) | I19: ='Aux. Serv. G Tauá'!I19 -> 46023
A20: MÓDULO 1 : COMPOSIÇÃO DA REMUNERAÇÃO
A21: 1 | B21: Composição da Remuneração | I21: Valor (R$)
A22: A | B22: Salário Base | I22: =I17 -> 1640.75
A23: B | B23: Adicional de periculosidade
A24: C | B24: Adicional de insalubridade
A25: D | B25: Adicional noturno
A26: E | B26: Hora noturna adicional
A27: F | B27: Adicional de Hora Extra
A28: G | B28: Intervalo Intrajornada
A29: Total da Remuneração | I29: =SUM(I22:J28) -> 1640.75
A30: MÓDULO 2: BENEFÍCIOS MENSAIS E DIÁRIOS
A31: 2 | B31: Benefícios Mensais e Diários | I31: Valor (R$)
A32: A | B32: Transporte (5,40*2*52 dias trabalhados) - 6% de desconto sobre o salário base (Cláusula Décima Sexta) | I32: =ROUND((5.4*52)-(I29*6%),2) -> 182.36 | K32: =I29*6% -> 98.445
A33: B | B33: Auxílio-Refeição/Alimentação (R$ 28,80*22 dias) - 1% de desconto (Cláusula Décima Quinta CCT) | I33: =ROUND((28.8*22)-(28.8*22)*1%,2) -> 627.26 | K33: ='Supervisor Limpeza'!K33 -> R$ 633,60*1% = 6,33
A34: C | B34: Plano de Saúde (Cláusula Décima Setima da CCT) | I34: ='Supervisor Limpeza'!I34 -> 73.78
A35: D | B35: =[1]Encarregado!$B$38 -> Seguro de vida, invalidez e funeral (Cláusula Décima Oitava da CCT) | I35: =(I29*3)/12 -> 410.1875 | K35: R$ 1.640,75*3 = 4.922,25/12 = 410,19 (valor mensal)
A36: E | B36: Cesta Básica (Cláusula Décima Quarta da CCT) | I36: ='Supervisor Limpeza'!I36 -> 110.52
A37: F | B37: Auxilio Creche (Cláusula Décima Nona da CCT) | I37: ='Supervisor Limpeza'!I37 -> 134.905 | K37: R$ 269,81*6 = 1.618,86/12 = 134,91 (valor mensal)
A38: Total de Benefícios mensais e diários | I38: =SUM(I32:J37) -> 1539.0125
A39: MÓDULO 3: INSUMOS DIVERSOS
A40: 3 | B40: Insumos Diversos | I40: Valor (R$)
A41: A | B41: Uniformes | I41: =Insumos!K5 -> 76.2225
A42: B | B42: EPI | I42: =Insumos!K6 -> 68.035
A43: C | B43: Equipamento de registro de ponto | I43: =Insumos!K7 -> 701.62483
A44: Total de Insumos diversos | I44: =SUM(I41:J43) -> 845.88233
A45: MÓDULO 4: ENCARGOS SOCIAIS E TRABALHISTAS
A46: 4.1 | B46: Encargos previdenciários e FGTS | G46: % | I46: Valor (R$)
A47: A | B47: INSS | G47: 0.2 | I47: =(G47*I29) -> 328.15
A48: B | B48: SESI ou SESC | G48: 0.015 | I48: =(G48*I29) -> 24.61125
A49: C | B49: SENAI ou SENAC | G49: 0.01 | I49: =(G49*I29) -> 16.4075
A50: D | B50: INCRA | G50: 0.002 | I50: =(G50*I29) -> 3.2815
A51: E | B51: Salário Educação | G51: 0.025 | I51: =(G51*I29) -> 41.01875
A52: F | B52: FGTS | G52: 0.08 | I52: =(G52*I29) -> 131.26
A53: G | B53: Riscos Ambientais do Trabalho – RAT x FAP | G53: 0.03 | I53: =(G53*I29) -> 49.2225
A54: H | B54: SEBRAE | G54: 0.006 | I54: =(G54*I29) -> 9.8445
A55: TOTAL | G55: =SUM(G47:H54) -> 0.368 | I55: =SUM(I47:J54) -> 603.796
A56: Submódulo 4.2 – 13º Salário e Adicional de Férias
A57: 4.2 | B57: 13º Salário e Adicional de Férias | I57: Valor (R$)
A58: A | B58: 13 º Salário | G58: 0.0833 | I58: =(G58*I29) -> 136.67448
A59: B | B59: Adicional de Férias | G59: 0.0278 | I59: =(G59*I29) -> 45.61285
A60: TOTAL | G60: =SUM(G58:H59) -> 0.1111 | I60: =SUM(I58:J59) -> 182.28733
A61: Submódulo 4.3 - Provisão para Rescisão
A62: 4.3 | B62: Provisão para Rescisão | I62: Valor (R$)
A63: A | B63: Aviso prévio indenizado | G63: 0.0042 | I63: =(G63*I29) -> 6.89115
A64: B | B64: Incidência do FGTS sobre aviso prévio indenizado | G64: 0.0003 | I64: =(G64*I29) -> 0.492225
A65: C | B65: Multa do FGTS do aviso prévio indenizado | G65: 0.0344 | I65: =(G65*I29) -> 56.4418
A66: D | B66: Aviso prévio trabalhado | G66: ='[2]REVISOR DE TEXTO'!G77 -> 0.0194 | I66: =(G66*I29) -> 31.83055
A67: E | B67: Incidência do submódulo 4.1 sobre aviso prévio trabalhado | G67: ='[2]REVISOR DE TEXTO'!G78 -> 0.00717412 | I67: =(G67*I29) -> 11.770937
A68: F | B68: Multa do FGTS do aviso prévio trabalhado | G68: 0.0006 | I68: =(G68*I29) -> 0.98445
A69: TOTAL | G69: =SUM(G63:H68) -> 0.06607412 | I69: =SUM(I63:J68) -> 108.41111
A70: Submódulo 4.4 – Custo de Reposição do Profissional Ausente
A71: 4.4 | B71: Composição do Custo de Reposição do Profissional Ausente | I71: Valor (R$)
A72: A | B72: Férias | G72: 0.0833 | I72: =(G72*I29) -> 136.67448
A73: B | B73: Ausência por doença | G73: 0.0139 | I73: =(G73*I29) -> 22.806425
A74: C | B74: Licença maternidade | G74: 0.0029 | I74: =(G74*I29) -> 4.758175
A75: D | B75: Licença paternidade | G75: ='[2]REVISOR DE TEXTO'!G85 -> 0.0002 | I75: =(G75*I29) -> 0.32815
A76: E | B76: Ausências legais | G76: 0.0028 | I76: =(G76*I29) -> 4.5941
A77: F | B77: Ausência por Acidente de trabalho | G77: 0.0007 | I77: =(G77*I29) -> 1.148525
A78: Subtotal antes da incidência de proprocional de férias, 1/3 e 13º s/custo de reposição | G78: =SUM(G72:G77) -> 0.1038 | I78: =SUM(I72:J77) -> 170.30985
A79: G | B79: Proporcional de Férias, 1/3 e 13º sobre custo de reposição (exceto licença maternidade) | G79: 0.0196 | I79: =(G79*I29) -> 32.1587
A80: Subtotal antes da incidência do modulo 4.1 | G80: =G78+G79 -> 0.1234 | I80: =SUM(I78:J79) -> 202.46855
A81: H | B81: Incidência do submódulo 4.1 sobre o Custo de reposição | G81: 0.0454 | I81: =(G81*I29) -> 74.49005
A82: TOTAL | G82: =G80+G81 -> 0.1688 | I82: =I80+I81 -> 276.9586
A83: QUADRO - RESUMO - MÓDULO 4 - ENCARGOS SOCIAIS E TRABALHISTAS
A84: 4 | B84: Módulo 4 - Encargos sociais e trabalhistas | I84: Valor (R$)
A85: 4.1 | B85: Encargos previdenciários e FGTS | G85: =G55 -> 0.368 | I85: =I55 -> 603.796
A86: 4.2 | B86: 13 º salário + Adicional de férias | G86: =G60 -> 0.1111 | I86: =(I60) -> 182.28733
A87: 4.3 | B87: Custo de rescisão | G87: =G69 -> 0.06607412 | I87: =I69 -> 108.41111
A88: 4.4 | B88: Custo de reposição do profissional ausente | G88: =G82 -> 0.1688 | I88: =I82 -> 276.9586
A89: TOTAL | G89: =SUM(G85:H88) -> 0.71397412 | I89: =SUM(I85:J88) -> 1171.453
A90: MÓDULO 5 - CUSTOS INDIRETOS, TRIBUTOS E LUCRO
A91: 5 | B91: Custos Indiretos, Tributos e Lucro | G91: % | I91: Valor (R$)
A92: A | B92: Custos Indiretos | G92: 0.05 | I92: =(I106*G92) -> 259.85489
A93: B | B93: Tributos
B94: B.1 Tributos Federais (PIS) | G94: 0.0165 | I94: =K95*G94 -> 112.8703 | K94: =(100%-SUM(G94:H96))/100 -> 0.008775
B95: B.2 Tributos Federais (COFINS) | G95: 0.076 | I95: =K95*G95 -> 519.88747 | K95: =(I106+I92+I98)/(100%-SUM(G94:H96))/100*100 -> 6840.6245
B96: B.3 Tributos Municipais (ISS) | G96: 0.03 | I96: =K95*G96 -> 205.21874
B97: B.4 Outros tributos (especificar)
A98: C | B98: Lucro | G98: 0.1 | I98: =SUM(I106+I92)*G98 -> 545.69528
A99: TOTAL | G99: =SUM(G92:H98) -> 0.2725 | I99: =SUM(I98+I97+I96+I95+I94+I92) -> 1643.5267
A100: Anexo III – B - Quadro-resumo do Custo por Empregado
B101: Mão-de-obra vinculada à execução contratual (valor por empregado) | I101: Valor (R$)
...

Sheet Aux. Serv. G Crateús
A1: AO
A2: SERVIÇO DE APOIO AS MICRO E PEQUENAS EMPRESAS DO ESTADO DO CEARÁ - SEBRAE/CE
A4: PLANILHA DE CUSTOS E FORMAÇÃO DE PREÇOS POR EMPREGADO
A5: Discriminação dos Serviços (dados referentes à contratação)
A6: A | B6: Data de apresentação da proposta (dia/mês/ano) | G6: ='Aux. Serv. G Baturité'!G6 -> 46090
A7: B | B7: Município/UF | G7: Crateús
A8: C | B8: Ano Acordo, Convenção ou Sentença Normativa em Dissídio Coletivo | G8: SEACEC
A9: D | B9: Nº de meses de execução contratual | G9: 24
A10: Identificação do Serviço
A11: Tipo de Serviço | D11: Unidade de Medida | G11: Quantidade total a contratar (em função da unidade de medida)
A12: Contratação de empresa especializada de mão de obra, para o cargo de Auxiliar de Serviços Gerais (Limpeza) | D12: POSTO | G12: 1
A13: Anexo III-A – Mão-de-obra
A14: Mão-de-obra vinculada à execução contratual
A15: Dados complementares para composição dos custos referente à mão-de-obra
A16: 1 | B16: Tipo de serviço (mesmo serviço com características distintas) | I16: AUX. DE SERVIÇOS GERAIS (LIMPEZA)
A17: 2 | B17: Salário Normativo da Categoria Profissional | I17: ='Aux. Serv. G Baturité'!I17 -> 1640.75
A18: 3 | B18: Categoria profissional (vinculada à execução contratual) | I18: =I16 -> AUX. DE SERVIÇOS GERAIS (LIMPEZA)
A19: 4 | B19: Data base da categoria (dia/mês/ano) | I19: ='Aux. Serv. G Baturité'!I19 -> 46023
A20: MÓDULO 1 : COMPOSIÇÃO DA REMUNERAÇÃO
A21: 1 | B21: Composição da Remuneração | I21: Valor (R$)
A22: A | B22: Salário Base | I22: =I17 -> 1640.75
A23: B | B23: Adicional de periculosidade
A24: C | B24: Adicional de insalubridade
A25: D | B25: Adicional noturno
A26: E | B26: Hora noturna adicional
A27: F | B27: Adicional de Hora Extra
A28: G | B28: Intervalo Intrajornada
A29: Total da Remuneração | I29: =SUM(I22:J28) -> 1640.75
A30: MÓDULO 2: BENEFÍCIOS MENSAIS E DIÁRIOS
A31: 2 | B31: Benefícios Mensais e Diários | I31: Valor (R$)
A32: A | B32: Transporte (5,40*2*52 dias trabalhados) - 6% de desconto sobre o salário base (Cláusula Décima Sexta) | I32: =ROUND((5.4*52)-(I29*6%),2) -> 182.36 | K32: =I29*6% -> 98.445
A33: B | B33: Auxílio-Refeição/Alimentação (R$ 28,80*22 dias) - 1% de desconto (Cláusula Décima Quinta CCT) | I33: =ROUND((28.8*22)-(28.8*22)*1%,2) -> 627.26 | K33: ='Supervisor Limpeza'!K33 -> R$ 633,60*1% = 6,33
A34: C | B34: Plano de Saúde (Cláusula Décima Setima da CCT) | I34: ='Supervisor Limpeza'!I34 -> 73.78
A35: D | B35: =[1]Encarregado!$B$38 -> Seguro de vida, invalidez e funeral (Cláusula Décima Oitava da CCT) | I35: =(I29*3)/12 -> 410.1875 | K35: R$ 1.640,75*3 = 4.922,25/12 = 410,19 (valor mensal)
A36: E | B36: Cesta Básica (Cláusula Décima Quarta da CCT) | I36: ='Supervisor Limpeza'!I36 -> 110.52
A37: F | B37: Auxilio Creche (Cláusula Décima Nona da CCT) | I37: ='Supervisor Limpeza'!I37 -> 134.905 | K37: R$ 269,81*6 = 1.618,86/12 = 134,91 (valor mensal)
A38: Total de Benefícios mensais e diários | I38: =SUM(I32:J37) -> 1539.0125
A39: MÓDULO 3: INSUMOS DIVERSOS
A40: 3 | B40: Insumos Diversos | I40: Valor (R$)
A41: A | B41: Uniformes | I41: =Insumos!K5 -> 76.2225
A42: B | B42: EPI | I42: =Insumos!K6 -> 68.035
A43: C | B43: Equipamento de registro de ponto | I43: =Insumos!K7 -> 701.62483
A44: Total de Insumos diversos | I44: =SUM(I41:J43) -> 845.88233
A45: MÓDULO 4: ENCARGOS SOCIAIS E TRABALHISTAS
A46: 4.1 | B46: Encargos previdenciários e FGTS | G46: % | I46: Valor (R$)
A47: A | B47: INSS | G47: 0.2 | I47: =(G47*I29) -> 328.15
A48: B | B48: SESI ou SESC | G48: 0.015 | I48: =(G48*I29) -> 24.61125
A49: C | B49: SENAI ou SENAC | G49: 0.01 | I49: =(G49*I29) -> 16.4075
A50: D | B50: INCRA | G50: 0.002 | I50: =(G50*I29) -> 3.2815
A51: E | B51: Salário Educação | G51: 0.025 | I51: =(G51*I29) -> 41.01875
A52: F | B52: FGTS | G52: 0.08 | I52: =(G52*I29) -> 131.26
A53: G | B53: Riscos Ambientais do Trabalho – RAT x FAP | G53: 0.03 | I53: =(G53*I29) -> 49.2225
A54: H | B54: SEBRAE | G54: 0.006 | I54: =(G54*I29) -> 9.8445
A55: TOTAL | G55: =SUM(G47:H54) -> 0.368 | I55: =SUM(I47:J54) -> 603.796
A56: Submódulo 4.2 – 13º Salário e Adicional de Férias
A57: 4.2 | B57: 13º Salário e Adicional de Férias | I57: Valor (R$)
A58: A | B58: 13 º Salário | G58: 0.0833 | I58: =(G58*I29) -> 136.67448
A59: B | B59: Adicional de Férias | G59: 0.0278 | I59: =(G59*I29) -> 45.61285
A60: TOTAL | G60: =SUM(G58:H59) -> 0.1111 | I60: =SUM(I58:J59) -> 182.28733
A61: Submódulo 4.3 - Provisão para Rescisão
A62: 4.3 | B62: Provisão para Rescisão | I62: Valor (R$)
A63: A | B63: Aviso prévio indenizado | G63: 0.0042 | I63: =(G63*I29) -> 6.89115
A64: B | B64: Incidência do FGTS sobre aviso prévio indenizado | G64: 0.0003 | I64: =(G64*I29) -> 0.492225
A65: C | B65: Multa do FGTS do aviso prévio indenizado | G65: 0.0344 | I65: =(G65*I29) -> 56.4418
A66: D | B66: Aviso prévio trabalhado | G66: ='[2]REVISOR DE TEXTO'!G77 -> 0.0194 | I66: =(G66*I29) -> 31.83055
A67: E | B67: Incidência do submódulo 4.1 sobre aviso prévio trabalhado | G67: ='[2]REVISOR DE TEXTO'!G78 -> 0.00717412 | I67: =(G67*I29) -> 11.770937
A68: F | B68: Multa do FGTS do aviso prévio trabalhado | G68: 0.0006 | I68: =(G68*I29) -> 0.98445
A69: TOTAL | G69: =SUM(G63:H68) -> 0.06607412 | I69: =SUM(I63:J68) -> 108.41111
A70: Submódulo 4.4 – Custo de Reposição do Profissional Ausente
A71: 4.4 | B71: Composição do Custo de Reposição do Profissional Ausente | I71: Valor (R$)
A72: A | B72: Férias | G72: 0.0833 | I72: =(G72*I29) -> 136.67448
A73: B | B73: Ausência por doença | G73: 0.0139 | I73: =(G73*I29) -> 22.806425
A74: C | B74: Licença maternidade | G74: 0.0029 | I74: =(G74*I29) -> 4.758175
A75: D | B75: Licença paternidade | G75: ='[2]REVISOR DE TEXTO'!G85 -> 0.0002 | I75: =(G75*I29) -> 0.32815
A76: E | B76: Ausências legais | G76: 0.0028 | I76: =(G76*I29) -> 4.5941
A77: F | B77: Ausência por Acidente de trabalho | G77: 0.0007 | I77: =(G77*I29) -> 1.148525
A78: Subtotal antes da incidência de proprocional de férias, 1/3 e 13º s/custo de reposição | G78: =SUM(G72:G77) -> 0.1038 | I78: =SUM(I72:J77) -> 170.30985
A79: G | B79: Proporcional de Férias, 1/3 e 13º sobre custo de reposição (exceto licença maternidade) | G79: 0.0196 | I79: =(G79*I29) -> 32.1587
A80: Subtotal antes da incidência do modulo 4.1 | G80: =G78+G79 -> 0.1234 | I80: =SUM(I78:J79) -> 202.46855
A81: H | B81: Incidência do submódulo 4.1 sobre o Custo de reposição | G81: 0.0454 | I81: =(G81*I29) -> 74.49005
A82: TOTAL | G82: =G80+G81 -> 0.1688 | I82: =I80+I81 -> 276.9586
A83: QUADRO - RESUMO - MÓDULO 4 - ENCARGOS SOCIAIS E TRABALHISTAS
A84: 4 | B84: Módulo 4 - Encargos sociais e trabalhistas | I84: Valor (R$)
A85: 4.1 | B85: Encargos previdenciários e FGTS | G85: =G55 -> 0.368 | I85: =I55 -> 603.796
A86: 4.2 | B86: 13 º salário + Adicional de férias | G86: =G60 -> 0.1111 | I86: =(I60) -> 182.28733
A87: 4.3 | B87: Custo de rescisão | G87: =G69 -> 0.06607412 | I87: =I69 -> 108.41111
A88: 4.4 | B88: Custo de reposição do profissional ausente | G88: =G82 -> 0.1688 | I88: =I82 -> 276.9586
A89: TOTAL | G89: =SUM(G85:H88) -> 0.71397412 | I89: =SUM(I85:J88) -> 1171.453
A90: MÓDULO 5 - CUSTOS INDIRETOS, TRIBUTOS E LUCRO
A91: 5 | B91: Custos Indiretos, Tributos e Lucro | G91: % | I91: Valor (R$)
A92: A | B92: Custos Indiretos | G92: 0.05 | I92: =(I106*G92) -> 259.85489
A93: B | B93: Tributos
B94: B.1 Tributos Federais (PIS) | G94: 0.0165 | I94: =K95*G94 -> 112.8703 | K94: =(100%-SUM(G94:H96))/100 -> 0.008775
B95: B.2 Tributos Federais (COFINS) | G95: 0.076 | I95: =K95*G95 -> 519.88747 | K95: =(I106+I92+I98)/(100%-SUM(G94:H96))/100*100 -> 6840.6245
B96: B.3 Tributos Municipais (ISS) | G96: 0.03 | I96: =K95*G96 -> 205.21874
B97: B.4 Outros tributos (especificar)
A98: C | B98: Lucro | G98: 0.1 | I98: =SUM(I106+I92)*G98 -> 545.69528
A99: TOTAL | G99: =SUM(G92:H98) -> 0.2725 | I99: =SUM(I98+I97+I96+I95+I94+I92) -> 1643.5267
A100: Anexo III – B - Quadro-resumo do Custo por Empregado
B101: Mão-de-obra vinculada à execução contratual (valor por empregado) | I101: Valor (R$)
...

Sheet Insumos
B1: VALOR ESTIMADO PARA INSUMOS
B2: VALOR UNITÁRIO | K2: VALOR UNITÁRIO MÉDIO
B3: SEBRAE/CE Contrato 009-2026 | D3: IBAMA/CE | F3: TJ/CE | H3: Proposta SERVAL 2026 | J3: EDITAL UFC 90022/2025 | K3: ASG | L3: SUPERVISOR
B4: ASG | C4: SUPERVISOR | D4: ASG | E4: SUPERVISOR | F4: ASG | G4: SUPERVISOR | H4: ASG | I4: SUPERVISOR | J4: PROFISSIONAL
A5: Uniformes | B5: 23.46 | C5: 56.06 | D5: =42.16+41.49+9.43 -> 93.08 | E5: =67.95+54.9+110+9.43 -> 242.28 | F5: =61.33+50.4+14.06 -> 125.79 | G5: =50.4+14.06+45.44 -> 109.9 | H5: 62.56 | I5: 50 | K5: =AVERAGE(B5,D5,F5,H5) -> 76.2225 | L5: =AVERAGE(C5,E5,I5) -> 116.11333
A6: EPIs | B6: 54.01 | D6: =92.86+20.07 -> 112.93 | F6: =53.07 -> 53.07 | H6: 52.13 | I6: 50 | K6: =AVERAGE(B6,D6,F6,H6) -> 68.035 | L6: =AVERAGE(C6,E6,I6) -> 50
A7: Equipamento de registro de ponto | F7: 1448.33 | G7: 1448.33 | H7: 229.37 | I7: 329.37 | J7: =1529/29 -> 52.724138 | K7: =AVERAGE(B7:J7) -> 701.62483 | L7: =K7 -> 701.62483
